 Dungeon Crawl Stone Soup version 0.31.0-10-gcf4a605ca0 (webtiles) character file.

Game seed: 13332903229171709972

9942318 mohammadb5305 the Intangible (level 27, 150/150 HPs)
             Began as a Felid Conjurer on Jan 24, 2024.
             Was an Initiate of Gozag.
             Escaped with the Orb
             ... and 15 runes on Jan 25, 2024!
             The game lasted 11:06:59 (170669 turns).

mohammadb5305 the Intangible (Felid Conjurer)     Turns: 170669, Time: 11:07:00

Health: 150/150    AC: 13    Str:  7    XL:     27
Magic:  23/49      EV: 67    Int: 42    God:    Gozag
Gold:   883        SH:  0    Dex: 21    Spells: 4/58 levels left
                                        Lives:  0   Deaths: 13

rFire   + .          .
                       - Unarmed
rCold   + + .        (shield unavailable)
rNeg    + . .        (body armour unavailable)
rPois   ∞            (helmet unavailable)
rElec   +            (cloak unavailable)
rCorr   .            (gloves unavailable)
SInv    +            (boots unavailable)
Will    +++++        A - macabre finger necklace {Finger+ rN+}
Stlth   +            c - ring of Yredelemnul's Approval {rF+ rC++ Will+ Str-2 Int+2}
HPRegen 0.45/turn    J - ring of Gozag's Esteem {rF+ Int+6}
MPRegen 0.31/turn    p - ring "Tizxyufe" {MP+9 Int+4}

%: no passive effects
@: storm-form, flying, studying 2 skills
A: cleaving, insubstantial, flying, very small, (claws 1), (fangs 3), see
invisible, (shaggy fur 3), (stealthy paws), no weapons or thrown items, no
armour, multi-lived, low MP 1, mutation resistance 1
0: Orb of Zot
}: 15/15 runes: barnacled, slimy, silver, golden, iron, obsidian, icy, bone,
abyssal, demonic, glowing, magical, fiery, dark, gossamer
a: Blinkbolt, Begin Untransformation, Renounce Religion, Evoke Blink, Potion
Petition, Call Merchant, Bribe Branch


You escaped.
You worshipped Gozag.
Gozag was pleased with you.
You were a lightning-filled tempest!
You visited 18 branches of the dungeon, and saw 88 of its levels.
You visited Pandemonium 1 time, and saw 14 of its levels.
You visited the Abyss 1 time.
You visited 1 bazaar.
You visited 2 ziggurats (completing 1), and saw 36 of their levels.
You also visited: Ossuary and Gauntlet.

You collected 70681 gold pieces.
You spent 4376 gold pieces at shops.
You paid 65422 gold pieces to Gozag.

Inventory:

Jewellery
 c - the ring of Yredelemnul's Approval (left paw) {rF+ rC++ Will+ Str-2 Int+2}
   (You found it on level 3 of the Depths)

   [ring of willpower]

   Str-2:     It affects your strength (-2).
   Int+2:     It affects your intelligence (+2).
   rF+:       It protects you from fire.
   rC++:      It greatly protects you from cold.
   Will+:     It increases your willpower.
 i - the ring of Rysyedgh {rPois rC+ rCorr Int+5 Stlth-}
   (You found it on level 19 of a ziggurat)

   [ring of resist corrosion]

   Int+5:     It affects your intelligence (+5).
   rC+:       It protects you from cold.
   rPois:     It protects you from poison rCorr: It protects you from acid and
   corrosion.
   Stlth-:    It makes you less stealthy.
 j - the ring "Kylism" {rF++ rCorr Str+3 Dex-2 SInv}
   (You found it on level 25 of a ziggurat)

   [ring of resist corrosion]

   Str+3:     It affects your strength (+3).
   Dex-2:     It affects your dexterity (-2).
   rF++:      It greatly protects you from fire.
   SInv:      It lets you see invisible.
   rCorr:     It protects you from acid and corrosion.
 m - the ring "Ylifylosch" {rPois rF++ Will- MP+9 Str-3}
   (You found it on level 5 of the Pits of Slime)

   [ring of magical power]

   Str-3:     It affects your strength (-3).
   rF++:      It greatly protects you from fire.
   rPois:     It protects you from poison Will-: It decreases your willpower.
   MP+9:      It affects your magic capacity (+9).
 p - the ring "Tizxyufe" (on amulet) {MP+9 Int+4}
   (You found it on level 3 of the Tomb of the Ancients)

   [ring of magical power]

   Int+4:     It affects your intelligence (+4).
   MP+9:      It affects your magic capacity (+9).
 q - an amulet of magic regeneration
 s - the ring "Plog" {rElec rC+ rCorr EV+5 Dex-5}
   (You found it on level 3 of the Realm of Zot)

   [ring of evasion]

   EV+5:      It affects your evasion (+5).
   Dex-5:     It affects your dexterity (-5).
   rC+:       It protects you from cold.
   rElec:     It insulates you from electricity.
   rCorr:     It protects you from acid and corrosion.
 w - the ring "Wumn" {Fly Will- rCorr Str+6 Int+8}
   (You found it on level 3 of the Depths)

   [ring of strength]

   Str+6:     It affects your strength (+6).
   Int+8:     It affects your intelligence (+8).
   Will-:     It decreases your willpower.
   Fly:       It grants you flight.
   rCorr:     It protects you from acid and corrosion.
 A - the macabre finger necklace (around neck) {Finger+ rN+}
   (You found it on level 17 of a ziggurat)

   [amulet of nothing]

   Finger+:   It enables you to equip an extra ring.
   rN+:       It protects you from negative energy.
 B - the ring "Iwun" {rC- rN++ Will+ Str+4}
   (You took it off a minotaur in a Gauntlet)

   [ring of willpower]

   Str+4:     It affects your strength (+4).
   rC-:       It makes you vulnerable to cold.
   rN++:      It greatly protects you from negative energy.
   Will+:     It increases your willpower.
 F - the ring of Ubuut {rPois Will+ Slay+2}
   (You found it on level 9 of a ziggurat)

   [ring of willpower]

   Slay+2:    It affects your accuracy & damage with ranged weapons and melee
   (+2).
   rPois:     It protects you from poison Will+: It increases your willpower.
 I - the dreamshard necklace {Acrobat *Dream}
   (You found it on level 21 of a ziggurat)

   [amulet of the acrobat]

   *Dream:    It absorbs a single lethal wound into itself, holding its wearer
   just short of death and releasing dream-creatures to guard them.
   Acrobat:   It increases your evasion while moving and waiting.
 J - the ring of Gozag's Esteem (right paw) {rF+ Int+6}
   (You found it on level 2 of the Vaults)

   [ring of intelligence]

   Int+6:     It affects your intelligence (+6).
   rF+:       It protects you from fire.
 X - the ring of Redebaot {rF+ rN+ Will+ Str+4}
   (You found it on level 4 of the Shoals)

   [ring of positive energy]

   Str+4:     It affects your strength (+4).
   rF+:       It protects you from fire.
   rN+:       It protects you from negative energy.
   Will+:     It increases your willpower.
 Y - the ring "Satibauf" {rC++ AC+4 Int-2}
   (You found it on level 26 of a ziggurat)

   [ring of protection]

   AC+4:      It affects your AC (+4).
   Int-2:     It affects your intelligence (-2).
   rC++:      It greatly protects you from cold.
Talismans
 M - the storm talisman "Cinwanic" (active) {+Blink rF- Int+2 Dex+4}
   (You found it on level 5 of the Lair of Beasts)

   [storm talisman]

   Int+2:     It affects your intelligence (+2).
   Dex+4:     It affects your dexterity (+4).
   rF-:       It makes you vulnerable to fire.
   +Blink:    It lets you blink.
 U - the granite talisman of Indomitability {Dex+3}
   (You found it on level 25 of a ziggurat)

   [granite talisman]

   Dex+3:     It affects your dexterity (+3).
Wands
 t - a wand of paralysis (132)
 y - a wand of mindburst (59)
 H - a wand of iceblast (100)
 N - a wand of light (56)
 W - a wand of digging (60)
Scrolls
 b - 16 scrolls of fog
 l - 9 scrolls of fear
 n - 12 scrolls of immolation
 r - 3 scrolls of blinking
 K - 5 scrolls of torment
 L - 11 scrolls of poison
 O - 8 scrolls of revelation
 Q - a scroll of butterflies
 T - 7 scrolls of silence
 Z - 4 scrolls of amnesia
Potions
 a - a potion of magic
 d - 8 potions of might
 e - 3 potions of cancellation
 f - 2 potions of brilliance
 h - 7 potions of lignification
 k - 11 potions of resistance
 o - 20 potions of mutation
 u - 2 potions of invisibility
 v - 6 potions of curing
 x - 16 potions of enlightenment
 S - 4 potions of attraction
 V - a potion of heal wounds
Miscellaneous
 z - a +1 figurine of a ziggurat
 C - the horn of Geryon
 D - a phantom mirror
 E - a lightning rod (4/4)
 P - a condenser vane
 R - a box of beasts


   Skills:
 - Level 17.2 Fighting
 O Level 27 Dodging
 - Level 3.0 Stealth
 - Level 15.0 Unarmed Combat
 - Level 16.3 Spellcasting
 - Level 21.0 Conjurations
 - Level 15.0 Hexes
 O Level 27 Summonings
 - Level 15.0 Translocations
 - Level 18.0 Fire Magic
 - Level 26.7 Air Magic
 - Level 22.0 Earth Magic
 - Level 12.0 Alchemy
 + Level 25.5 Evocations
 - Level 25.3 Shapeshifting


You had 4 spell levels left.
You knew the following spells:

 Your Spells              Type           Power      Damage    Failure   Level
a - Chain Lightning       Conj/Air       62%        3d83      4%          9
b - Lehudib's Crystal Sp  Conj/Erth      60%        10d14     1%          8
c - Shatter               Erth           60%        3d45*     10%         9
d - Lee's Rapid Deconstr  Erth           60%        3d28*     0%          5
f - Spellforged Servitor  Conj/Summ      62%        N/A       1%          7
g - Malign Gateway        Summ/Tloc      59%        N/A       1%          7
h - Passage of Golubria   Tloc           100%       N/A       0%          4
i - Yara's Violent Unrav  Hex/Alch       49%        3d19      1%          5

Your spell library contained the following spells:

 Spells                   Type           Power      Damage    Failure   Level
 Apportation              Tloc           100%       N/A       0%          1
 Kiss of Death            Conj/Necr      100%       2d13      0%          1
 Magic Dart               Conj           100%       1d8       0%          1
 Sandblast                Erth           100%       2d20      0%          1
 Shock                    Conj/Air       100%       1d9       0%          1
 Slow                     Hex            100%       N/A       0%          1
 Sting                    Conj/Alch      100%       1d9       0%          1
 Summon Small Mammal      Summ           100%       N/A       0%          1
 Blink                    Tloc           100%       N/A       0%          2
 Call Imp                 Summ           100%       N/A       0%          2
 Cigotuvi's Dreadful Rot  Necr/Alch/Air  100%       N/A       0%          2
 Jinxbite                 Hex            100%       N/A       0%          2
 Lesser Beckoning         Tloc           100%       N/A       0%          2
 Mercury Vapours          Alch/Air       100%       N/A       0%          2
 Momentum Strike          Conj/Tloc      100%       3d10      0%          2
 Scorch                   Fire           100%       2d9       0%          2
 Searing Ray              Conj           100%       2d8       0%          2
 Static Discharge         Conj/Air       100%       3-8/arc   0%          2
 Call Canine Familiar     Summ           100%       N/A       0%          3
 Confusing Touch          Hex            100%       N/A       0%          3
 Dazzling Flash           Conj/Hex       100%       N/A       0%          3
 Gell's Gravitas          Tloc           100%       N/A       0%          3
 Inner Flame              Hex/Fire       100%       N/A       0%          3
 Mephitic Cloud           Conj/Alch/Air  100%       N/A       0%          3
 Passwall                 Erth           100%       N/A       0%          3
 Sigil of Binding         Hex            100%       N/A       0%          3
 Stone Arrow              Conj/Erth      100%       3d13      0%          3
 Swiftness                Air            100%       N/A       0%          3
 Teleport Other           Tloc           100%       N/A       0%          3
 Tukima's Dance           Hex            100%       N/A       0%          3
 Volatile Blastmotes      Fire/Tloc      100%       2d18      0%          3
 Airstrike                Air            65%        2d(10-26) 0%          4
 Flame Wave               Conj/Fire      100%       2d21      0%          4
 Fulminant Prism          Conj/Alch      53%        3d23      0%          4
 Ignite Poison            Fire/Alch      100%       N/A       0%          4
 Iskenderun's Mystic Bla  Conj/Tloc      100%       2d19      0%          4
 Leda's Liquefaction      Alch/Erth      54%        N/A       0%          4
 Manifold Assault         Tloc           100%       N/A       0%          4
 Petrify                  Alch/Erth      100%       N/A       0%          4
 Sticky Flame             Fire/Alch      100%       2d15      0%          4
 Summon Lightning Spire   Summ/Air       100%       N/A       0%          4
 Vhi's Electric Charge    Tloc/Air       100%       N/A       0%          4
 Freeze                   Ice            100%       1d10      1%          1
 Necrotise                Necr           100%       1d9       1%          1
 Ensorcelled Hibernation  Hex/Ice        100%       N/A       1%          2
 Hailstorm                Conj/Ice       89%        3d14      1%          3
 Martyr's Knell           Necr/Summ      99%        N/A       1%          4
 Olgreb's Toxic Radiance  Alch           94%        N/A       1%          4
 Frozen Ramparts          Ice            68%        1d11      2%          3
 Fugue of the Fallen      Necr           34%        N/A       2%          3
 Ozocubu's Armour         Ice            34%        N/A       2%          3
 Vampiric Draining        Necr           34%        2d8       2%          3
 Dispel Undead            Necr           34%        3d15      8%          4
 Arcjolt                  Conj/Air       62%        1d72      0%          5
 Iskenderun's Battlesphe  Conj           100%       2d15      0%          5
 Silence                  Hex/Air        59%        N/A       0%          5
 Summon Forest            Summ/Tloc      59%        N/A       0%          5
 Summon Mana Viper        Hex/Summ       100%       N/A       0%          5
 Conjure Ball Lightning   Conj/Air       62%        3x3d22    0%          6
 Plasma Beam              Fire/Air       61%        2x1d77    0%          6
 Summon Cactus Giant      Summ           65%        N/A       0%          6
 Summon Hydra             Summ           65%        N/A       0%          7
 Alistair's Intoxication  Alch           62%        N/A       1%          5
 Borgnjor's Vile Clutch   Necr/Erth      45%        N/A       1%          5
 Freezing Cloud           Conj/Ice/Air   53%        6-21      1%          5
 Irradiate                Conj/Alch      53%        3d29      1%          5
 Metabolic Englaciation   Hex/Ice        38%        N/A       1%          5
 Bombard                  Conj/Erth      60%        9d10      1%          6
 Dispersal                Tloc           51%        N/A       1%          6
 Eringya's Noxious Bog    Alch           47%        4d6       1%          6
 Starburst                Conj/Fire      57%        6d15      1%          6
 Enfeeble                 Hex            51%        N/A       1%          7
 Orb of Destruction       Conj           59%        9d14      1%          7
 Maxwell's Capacitive Co  Air            65%        ∞         1%          8
 Summon Horrible Things   Summ           65%        N/A       1%          8
 Dragon's Call            Summ           65%        N/A       1%          9
 Haunt                    Necr/Summ      49%        N/A       2%          7
 Ignition                 Fire           55%        3d15      3%          8
 Sculpt Simulacrum        Ice/Alch       35%        N/A       11%         6
 Discord                  Hex            51%        N/A       11%         8
 Disjunction              Tloc           51%        N/A       11%         8
 Curse of Agony           Necr           34%        N/A       22%         5
 Fire Storm               Conj/Fire      57%        8d15      26%         9
 Death Channel            Necr           17%        N/A       77%         6
 Ozocubu's Refrigeration  Ice            17%        4d11      100%        7
 Infestation              Necr           17%        N/A       100%        8
 Polar Vortex             Ice            17%        12d2*     100%        9
 Animate Armour           Summ/Erth      Unusable   N/A       N/A         4
 Dimensional Bullseye     Hex/Tloc       Unusable   N/A       N/A         4
 Sublimation of Blood     Necr           Unusable   N/A       N/A         2
 Animate Dead             Necr           Unusable   N/A       N/A         4

Dungeon Overview and Level Annotations

Branches:
Dungeon (15/15)            Temple (1/1) D:5            Lair (5/5) D:9
 Shoals (4/4) Lair:2       Spider (4/4) Lair:2        Slime (5/5) Lair:5
    Orc (2/2) D:12            Elf (3/3) Orc:2        Vaults (5/5) D:13
  Crypt (3/3) Vaults:2       Tomb (3/3) Crypt:3      Depths (4/4) D:15
   Hell (visited)             Dis (7/7) Hell            Geh (7/7) Hell
    Coc (7/7) Hell            Tar (7/7) Hell            Zot (5/5) Depths:4
Ossuary (visited)         Gauntlet (visited)

Altars:
Ashenzari
Cheibriados
Dithmenos
Elyvilon
Fedhas
Gozag
Hepliaklqana
Kikubaaqudgha
Makhleb
Nemelex Xobeh
Okawaru
Qazlal
Ru
Sif Muna
Trog
Uskayaw
Vehumet
Wu Jian
Xom
Yredelemnul
Zin
The Shining One
Jiyva

Shops:
D:3 !   D:12 *   Orc:1 [   Orc:2 [(!(   Lair:2 ?   Shoals:4 [   Vaults:1 ?
Vaults:3 (   Vaults:4 (?   Vaults:5 ?   Hell *:   Depths:2 ?

Portals:
Hell: Depths:1 Depths:2 Depths:3 Depths:4
Abyss: Zot:3 Depths:3 Depths:4
Pandemonium: Depths:2

Annotations:
D:3 3 runed translucent doors, Asparus's ghost, amateur OpSh
Vaults:4 3 runed translucent doors, eruonna's ghost, veteran HOBe; vbillard's ghost, adept DECj
Depths:1 4 transporters
Coc:7 exclusion: ice statue, Serpent of
Hell
Zot:2 3 transporters
Zot:3 2 transporters, SlaveLabor's ghost, legendary DjAE


Innate Abilities, Weirdness & Mutations

You are a lightning-filled tempest!
Your electrical attacks strike out in all directions at once.
You are incredibly evasive.
Your insubstantial body is immune to petrification, constriction, and being set on fire You are flying.
You are immune to poison.
((You have sharp claws.))
((You have razor-sharp teeth.))
You have supernaturally acute eyesight. (SInv)
((Your thick and shaggy fur keeps you warm. (AC +3, rC+)))
((Your paws help you pounce on unaware monsters.))
You are incapable of wielding weapons or throwing items.
You cannot wear armour.
You gain extra lives every three experience levels.
Your magical capacity is low. (-10% MP)
You are somewhat resistant to further mutation.


Message History

An Orb Guardian comes into view.
There is a stone staircase leading up here.
You fly upwards.
Level annotation: 3 runed translucent doors, Asparus's ghost, amateur OpSh
There is a stone staircase leading down here.
Unknown command.
Unknown command.
As you read the scroll of teleportation, it crumbles to dust.
You feel strangely unstable.
You feel the Orb delaying your translocation!
Your surroundings suddenly seem different.
There is an open door here.
You feel yourself speed up.
You enter a dispersal trap!
You blink.
Casting: Shatter (dangerous; 10% risk of failure)
Confirm with . or Enter, or press ? or * to list all spells.
The dungeon rumbles!
Ka-crash!
Unknown command.
Unknown command.
There is a stone staircase leading up here.
You fly upwards.
There is a stone staircase leading down here.
There is a stone staircase leading up here.
You fly upwards.
There is a stone staircase leading down here.
An Orb Guardian comes into view.
Casting: Shatter (dangerous; 10% risk of failure)
Confirm with . or Enter, or press ? or * to list all spells.
Aiming: Passage of Golubria (safe; 0% risk of failure)
Press: ? - help, Dir - move target You enter the passage of Golubria.
There is a passage of Golubria here.
Your extra speed is starting to run out.
You hear a snapping sound.
You feel yourself slow down.
Blink to where?
Press: ? - help, Dir - move target
As you read the scroll of blinking, it crumbles to dust.
There is a staircase leading out of the dungeon here.
You have escaped!

#........#§..#............##
#...#######.#######.......##
#...# ##.......## #....#####
##...###....X....###....#####
#....##...........##.........
###.#..#.............#..###.##.
#.....##.............##..##.##.
#.#..#.#.............#.#..#....
#...#.........v.........#......
#....#.#.............#.#.......
##....##...........[.##..#.#...
#..#...#.............#.........
#.#....##...........##.....>...
##.#.#..###.........###..#######
#..#.#..# ##.......## #..#......
#.##.#..#######.#######..#.#####
#.##.#.......#...#.......#......


You could see an Orb Guardian.

Vanquished Creatures
  Antaeus (Coc:7)
  Ignacio (Pan)
  Dispater (Dis:7)
  The ghost of Wuziru the Skinwalker, a legendary GrEE of Gozag (Zig:7)
  7 ancient liches
  4 pandemonium lords
  An orb of fire (Zot:5)
  10 dread liches
  21 royal mummies
  2 Killer Klowns
  10 shard shrikes
  Boris (Depths:2)
  39 caustic shrikes
  3 golden dragons
  4 profane servitors
  8 bone dragons
  3 Brimstone Fiends
  13 doom hounds
  8 Tzitzimimeh
  4 hellephants
  An electric golem (Zot:1)
  4 iron giants
  11 tentacled monstrosities
  A shard shrike zombie (Crypt:1)
  21 Hell Sentinels
  13 Ice Fiends
  Mlioglotl (Shoals:2)
  3 liches
  6 searing wretches
  9 tainted leviathans
  10 Orb Guardians (Zot:5)
  3 deep elf blademasters (Zig:23)
  12 titans
  8 deep elf master archers
  23 ancient champions
  2 walking divine tomes
  11 acid blobs
  8 sphinxes
  2 death cobs
  4 tentacled starspawn
  11 shadow dragons
  An eldritch tentacle (Dis:4)
  10 Executioners (Pan)
  8 tengu reavers
  A kraken (Shoals:4)
  4 storm dragons
  5 protean progenitors
  6 rockslimes
  24 azure jellies
  4 revenants
  5 demonspawn warmongers (Pan)
  2 fenstrider witches
  18 narguns
  4 iron dragons
  A draconian shifter (Abyss:3)
  7 fire giants
  2 draconian scorchers
  3 deep elf sorcerers (Elf:3)
  6 emperor scorpions
  6 frost giants
  A draconian knight (Zot:5)
  6 vault wardens
  14 balrugs
  8 quicksilver elementals
  2 deep elf elementalists (Elf:3)
  A spectral juggernaut (Tar:3)
  6 curse skulls
  14 demonspawn corrupters (Pan)
  14 ghost moths
  2 spectral caustic shrikes
  A draconian stormcaller (Depths:4)
  8 shard shrike simulacra
  10 reapers
  13 cacodemons
  2 juggernaut skeletons (Pan)
  5 orc warlords
  3 draconian annihilators
  4 ironbound preservers
  2 caustic shrike skeletons (Pan)
  A spriggan defender (Depths:4)
  7 quicksilver oozes
  A ghoul (Crypt:1)
  14 very ugly things
  5 demonspawn blood saints (Pan)
  5 stone giants
  A formless jellyfish (shapeshifter) (Zig:27)
  6 vampire knights
  4 ironbound thunderhulks
  A broodmother (Zig:20)
  3 formless jellyfish
  A black draconian (Zot:5)
  A green draconian (Zot:5)
  2 white draconians
  21 putrid mouths
  24 elemental wellsprings
  4 deep elf death magi
  5 demonspawn black suns
  22 war gargoyles
  15 wendigos
  3 bunyips
  4 purple draconians
  2 bennus (Tomb:2)
  10 lorocyprocas (Pan)
  12 deep elf annihilators
  3 dire elephants
  14 deep elf demonologists
  A red draconian (Zot:5)
  5 spark wasps
  5 eidola
  13 mummy priests
  14 blizzard demons (Pan)
  6 ettins
  A spectral quicksilver dragon (Tar:6)
  11 entropy weavers
  14 green deaths
  2 fire dragons
  3 spectral spriggans
  An entropy weaver (shapeshifter) (Zig:21)
  2 jiangshi
  23 iron golems
  2 merfolk impalers (Shoals:4)
  4 yaktaur captains
  7 deep elf high priests
  An ice dragon (Depths:4)
  4 rakshasas
  2 shambling mangroves
  4 great orbs of eyes
  3 merfolk avatars
  8 vault guards
  A spectral fenstrider witch (Tar:1)
  A ghost crab (Zig:7)
  9 hydras
  Harold (D:10)
  15 caustic shrike simulacra
  A spriggan air mage (Depths:4)
  A fenstrider witch zombie (Crypt:3)
  2 radroaches (Zig:18)
  2 salamander tyrants
  An alligator (Zig:11)
  10 juggernaut simulacra
  2 catoblepae (Lair:5)
  12 centaur warriors
  Erica (D:8)
  5 boulder beetles
  6 ironbound frosthearts
  2 merfolk aquamancers
  5 two-headed ogres
  An anaconda (Zig:4)
  A fenstrider witch skeleton (Tomb:1)
  2 spriggan skeletons
  7 jorogumos
  A naga warrior (Zig:4)
  28 dancing weapons
  3 satyrs
  7 death yaks
  A sphinx skeleton (Zig:13)
  A deep troll shaman (Depths:2)
  3 tengu warriors
  82 death scarabs
  26 demonic crawlers
  A spectral dire elephant (Tar:3)
  A spectral storm dragon (Tar:1)
  3 spriggan berserkers
  2 vampire magi
  4 hell knights
  2 spectral emperor scorpions (Pan)
  2 spriggans
  10 orc high priests
  2 hell hogs
  16 deep elf knights
  A naga sharpshooter (Zig:4)
  A storm dragon zombie (Zig:9)
  A titan zombie (Zig:13)
  6 skysharks
  5 shock serpents
  9 crystal echidnas
  47 soul eaters
  A thrashing horror (Abyss:3)
  A hellephant skeleton (Pan)
  56 sun demons
  12 pharaoh ants
  3 iron trolls
  8 skeletal warriors
  7 sea snakes
  A storm dragon skeleton (Zig:9)
  16 sixfirhies
  6 wretched stars
  Amaemon (Lair:2)
  9 quicksilver dragon simulacra
  20 shadow wraiths
  A spectral bunyip (Tar:1)
  2 swamp dragons (Zig:11)
  8 glowing orange brains
  A skyshark (shapeshifter) (Vaults:3)
  12 shadow demons (Pan)
  5 spriggan druids
  8 sun moths
  2 goliath frogs
  10 orb spiders
  4 flayed ghosts
  2 bog bodies
  2 anaconda zombies
  13 deep elf archers
  6 deep trolls
  7 steelbarb worms
  An obsidian statue (Zig:7)
  An orange crystal statue (Gauntlet)
  2 lindwurms (Vaults:4)
  8 ironbound convokers
  A golden dragon skeleton (Zig:9)
  15 phantasmal warriors
  A shadow dragon zombie (Zig:9)
  2 tengu zombies
  5 spriggan simulacra
  4 arcanists
  A necromancer (Depths:3)
  16 orc knights
  21 harpies
  14 wolf spiders
  29 deep elf zephyrmancers
  14 orc sorcerers
  A harpy (shapeshifter) (Zig:25)
  A tengu skeleton (Zig:9)
  9 shining eyes
  22 deep elf pyromancers
  An orb spider (shapeshifter) (Vaults:5)
  A faun (shapeshifter) (Vaults:5)
  8 ugly things
  An oklob plant (Lair:5)
  4 fauns
  8 cyclopes
  10 manticores
  A spectral centaur (Tar:2)
  A fire giant skeleton (Zig:9)
  4 meliai
  5 merfolk sirens
  27 moths of wrath
  2 worldbinders
  7 elephants
  36 large abominations
  3 rust devils (Hell)
  2 apocalypse crabs (Zig:16)
  An iron dragon skeleton (Zig:9)
  A naga mage (Zig:4)
  A molten gargoyle (Geh:7)
  8 black mambas
  6 kobold blastminers
  8 water nymphs
  2 vault sentinels
  3 ice statues
  8 torpor snails
  3 guardian serpents
  3 gargoyles (Crypt:3)
  4 titan simulacra
  6 unseen horrors
  51 smoke demons
  3 eyes of devastation
  A cane toad (shapeshifter) (Zig:21)
  12 cane toads
  19 hellions
  16 orange demons
  10 yaktaurs
  A dire elephant skeleton (Abyss:3)
  2 bunyip simulacra (Coc:1)
  7 anaconda simulacra
  11 komodo dragons
  2 sea snake zombies (Hell)
  4 efreet (Pan)
  13 freezing wraiths
  A spectral glowing shapeshifter (Zig:24)
  40 tormentors
  2 rime drakes
  2 iron giant simulacra
  An alligator snapping turtle skeleton (Abyss:3)
  2 death yak skeletons (Crypt:2)
  A red devil (Pan)
  An ancient zyme (Zig:16)
  A harpy zombie (Abyss:3)
  2 tengu conjurers
  A golden dragon simulacrum (Coc:2)
  30 guardian mummies
  3 hydra zombies
  3 ice devils
  9 merfolk
  A wolf spider (shapeshifter) (Depths:3)
  2 spectral harpies
  11 trolls
  An alligator simulacrum (Coc:1)
  A queen bee (shapeshifter) (D:13)
  5 nameless horrors
  12 hornets
  Prince Ribbit (D:8)
  2 bloated husks
  3 polar bears
  2 wind drakes (Shoals:3)
  29 tarantellas
  3 tyrant leeches
  14 hellwings (Pan)
  9 glass eyes
  5 raiju
  2 harpy skeletons (Tomb:3)
  A stone giant simulacrum (Coc:3)
  26 jumping spiders
  6 snapping turtles
  3 iron dragon simulacra
  6 blink frogs
  5 dream sheep (Shoals:1)
  31 slime creatures
  16 culicivoras
  11 air elementals
  4 wyverns
  A vampire (D:10)
  7 ushabtiu
  30 small abominations (Abyss:3)
  17 water elementals
  6 dire elephant simulacra
  4 shadows
  46 ynoxinuls
  A black mamba skeleton (Abyss:3)
  39 yaks
  8 wraiths
  5 fire elementals
  8 wargs
  9 golden eyes
  8 basilisks
  2 sea snake simulacra (Hell)
  9 neqoxecs
  5 vampire mosquitoes
  18 chaos spawn
  34 redbacks
  Menkaure (D:5)
  12 harpy simulacra
  A two-headed ogre zombie (Crypt:1)
  2 glowing shapeshifter zombies (Zig:13)
  4 hydra simulacra
  A water moccasin (shapeshifter) (D:15)
  18 water moccasins
  A black bear (D:8)
  2 ice beasts
  A swamp drake (D:9)
  54 orc warriors
  A glowing shapeshifter skeleton (Zig:13)
  16 laughing skulls
  24 ogres
  4 ettin simulacra
  23 centaurs
  17 wolves
  2 kobold brigands
  3 elf zombies
  6 weeping skulls (Abyss:3)
  2 gnoll sergeants
  4 brain worms (Pan)
  5 earth elementals
  2 necrophages (Crypt:1)
  13 bullfrogs
  A brain worm (shapeshifter) (D:14)
  4 scorpions
  6 naga simulacra
  11 wights
  A burial acolyte (Ossuary)
  8 killer bees
  5 electric eels
  A crimson imp (D:14)
  3 bombardier beetles
  3 centaur zombies
  3 quasits (D:7)
  3 hounds
  3 human zombies
  A spectral scorpion (Ossuary)
  Crazy Yiuf (D:7)
  2 gnoll boudas
  27 orc priests
  2 iguanas
  7 jellies
  34 starcursed masses
  A sleepcap (D:5)
  2 human skeletons (Crypt:1)
  21 orc wizards
  A crocodile zombie (Ossuary)
  A crocodile skeleton (Crypt:1)
  A boggart simulacrum (D:14)
  56 mummies
  15 gnolls
  11 adders
  2 shadow imps
  7 white imps
  5 ufetubi
  2 adder zombies (Ossuary)
  A ribbon worm (D:3)
  65 orcs
  8 endoplasms
  5 giant cockroaches
  5 gnoll zombies (Ossuary)
  7 goblins
  4 hobgoblins
  16 kobolds
  2 quokkas
  7 ball pythons
  5 ball python zombies (Ossuary)
  2 bats (D:3)
  5 frilled lizards
  9 jackal zombies
  4 kobold zombies (Ossuary)
  8 rats
  A rat zombie (Crypt:2)
  A creeping inferno (Geh:1)
  A fulminant prism (Spider:4)
  7 starspawn tentacles
  A tentacle (Shoals:4)
3140 creatures vanquished.

Vanquished Creatures (collateral kills)
  Asmodeus (Geh:7)
  Mnoleg (Pan)
  Ereshkigal (Tar:7)
  the Royal Jelly (Slime:5)
  Lom Lobon (Pan)
  14 dread liches
  Khufu (Tomb:2)
  The ghost of Wuziru the Skinwalker, a legendary GrEE of Gozag (Zig:7)
  2 orbs of fire
  Mennas (Depths:4)
  9 ancient liches
  6 pandemonium lords
  14 royal mummies
  Sojobo (Depths:3)
  Bai Suzhen (Shoals:4)
  2 Killer Klowns
  Parghit (Depths:4)
  Boris (twice) (Vaults:4 Depths:1)
  Saint Roka (Vaults:4)
  10 golden dragons
  Geryon (Hell)
  Jory (Crypt:3)
  2 curse toes
  6 caustic shrikes
  3 profane servitors (Tar:7)
  the Enchantress (Depths:4)
  21 bone dragons
  10 doom hounds
  A pearl dragon (Zig:3)
  5 Tzitzimimeh
  12 Brimstone Fiends
  4 electric golems
  10 Hell Sentinels
  An iron giant (Dis:7)
  13 Ice Fiends
  Zenata (Elf:1)
  14 tentacled monstrosities
  10 hellephants
  10 tainted leviathans
  15 Orb Guardians (Zot:5)
  5 liches
  Jorgrun (Orc:1)
  9 deep elf blademasters
  A deep elf master archer (Elf:3)
  7 quicksilver dragons
  9 titans
  6 sphinxes
  Grunn (Zot:2)
  11 searing wretches
  A walking frostbound tome (Depths:3)
  6 ancient champions
  20 acid blobs
  6 death cobs
  3 tentacled starspawn
  8 Executioners
  Frances (Shoals:1)
  12 tengu reavers
  24 eldritch tentacles
  Polyphemus (Shoals:2)
  12 storm dragons
  3 revenants
  Donald (Spider:1)
  Roxanne (D:15)
  11 shadow dragons
  16 azure jellies
  2 demonspawn warmongers (Pan)
  20 rockslimes
  5 narguns (Coc:7)
  2 draconian monks
  13 fire giants
  9 protean progenitors
  8 frost giants
  5 deep elf sorcerers
  An iron dragon (Dis:7)
  8 emperor scorpions
  A spectral juggernaut (Zig:24)
  Louise (Spider:1)
  7 draconian shifters
  6 deep elf elementalists
  An angel (Zig:3)
  18 vault wardens
  50 balrugs
  3 draconian scorchers
  11 orc warlords
  4 draconian stormcallers
  5 ghost moths
  5 demonspawn corrupters (Pan)
  4 draconian annihilators
  5 demonspawn blood saints (Pan)
  3 spriggan defenders
  5 ghouls
  11 reapers
  12 quicksilver oozes
  14 ironbound preservers
  5 deep elf death magi
  8 ironbound thunderhulks
  A juggernaut skeleton (Crypt:2)
  24 stone giants
  10 cacodemons
  6 formless jellyfish
  17 very ugly things
  8 vampire knights
  3 deep elf demonologists
  6 elemental wellsprings (Coc:7)
  10 bennus
  3 putrid mouths
  7 red draconians
  2 bunyips
  4 starcursed masses
  5 demonspawn black suns
  3 spark wasps
  13 war gargoyles
  7 deep elf annihilators
  3 black draconians (Zot:4)
  9 purple draconians
  10 dire elephants
  5 green draconians
  2 wendigos (Coc:7)
  2 lorocyprocas (Pan)
  A minotaur (Gauntlet)
  4 white draconians
  8 blizzard demons
  3 ettins
  4 fire dragons
  6 yellow draconians
  5 merfolk javelineers
  6 green deaths (Pan)
  10 jiangshi
  2 crystal guardians
  4 merfolk impalers
  2 iron golems
  An eidolon (Crypt:3)
  A spectral spriggan (Tar:2)
  4 mummy priests
  10 yaktaur captains
  15 deep elf high priests
  A peacekeeper (Vaults:2)
  5 hydras
  6 rakshasas
  11 great orbs of eyes
  29 vault guards
  A spriggan zombie (Crypt:3)
  4 hell beasts
  A jorogumo (Spider:3)
  2 juggernaut simulacra
  2 alligators (Zot:1)
  8 ice dragons
  3 merfolk aquamancers (Shoals:4)
  4 ghost crabs (Zig:7)
  2 caustic shrike simulacra (Coc:7)
  9 ironbound frosthearts
  14 salamander tyrants
  An alligator snapping turtle (Shoals:4)
  A spriggan skeleton (Crypt:3)
  4 spriggan air magi
  2 catoblepae
  7 centaur warriors
  A death knight (Vaults:2)
  A radroach (Zig:18)
  17 dancing weapons
  4 deep troll shamans
  2 merfolk avatars (Shoals:4)
  13 death scarabs
  2 two-headed ogres
  7 vampire magi
  4 stokers
  4 satyrs
  3 tengu warriors (Depths:1)
  6 boulder beetles
  11 demonic crawlers
  19 hell hogs
  An azure jelly zombie (Crypt:1)
  6 death yaks
  4 deep troll earth magi
  3 thrashing horrors
  13 orc high priests
  5 spriggan berserkers
  A spectral emperor scorpion (Pan)
  2 hell knights (Crypt:3)
  Nergalle (Orc:1)
  12 deep elf knights
  67 sun demons
  4 spriggans
  23 skeletal warriors
  7 iron trolls
  A storm dragon zombie (Depths:2)
  5 skysharks
  30 soul eaters
  3 crystal echidnas
  9 sixfirhies
  9 shadow wraiths
  A titan skeleton (Depths:2)
  A goliath frog (Pan)
  A salamander mystic (Depths:3)
  2 pharaoh ants
  A spatial maelstrom (Zig:16)
  An anaconda zombie (Hell)
  A fire crab (shapeshifter) (Vaults:5)
  A spriggan druid (Zig:7)
  A cherub (Zig:3)
  2 shadow demons (Pan)
  36 deep trolls
  A quicksilver dragon simulacrum (Coc:7)
  2 spark wasp zombies (Depths:2)
  A ghost moth zombie (Crypt:1)
  3 sea snakes
  5 flayed ghosts
  5 arcanists
  3 orange crystal statues
  A glowing orange brain (Zig:26)
  8 deep elf archers
  27 large abominations
  9 lindwurms
  An obsidian statue (Zig:7)
  6 sun moths
  4 necromancers
  4 swamp dragons
  A tengu zombie (Depths:2)
  9 steelbarb worms
  A nameless horror (Vaults:1)
  A fenstrider witch simulacrum (Coc:1)
  18 deep elf pyromancers
  12 phantasmal warriors
  9 harpies
  15 orc knights
  14 ironbound convokers
  An iron giant skeleton (Crypt:3)
  7 wolf spiders
  An oklob plant (Lair:5)
  A spectral ettin (Tar:5)
  2 shining eyes
  A glowing shapeshifter (Vaults:5)
  32 ugly things
  14 deep elf zephyrmancers
  11 orc sorcerers
  A cyclops (shapeshifter) (Zig:21)
  3 salamanders (Depths:3)
  A will-o-the-wisp (Zig:7)
  6 manticores
  2 guardian serpents
  4 cyclopes
  4 fauns
  A spectral centaur (Tar:1)
  5 moths of wrath
  2 iron dragon skeletons (Crypt:3)
  A draconian skeleton (Tomb:1)
  A fire giant skeleton (Depths:2)
  3 black mambas
  A merfolk siren (Shoals:2)
  5 kobold blastminers
  A dire elephant zombie (Tomb:3)
  An apocalypse crab (Zig:16)
  5 rust devils
  A frost giant skeleton (Depths:2)
  5 elephants
  A guardian serpent (shapeshifter) (Zig:23)
  An alligator snapping turtle zombie (Crypt:3)
  3 torpor snails
  10 vault sentinels
  An ice statue (Coc:7)
  24 smoke demons
  3 eyes of devastation
  7 orange demons (Pan)
  A cane toad (shapeshifter) (D:15)
  A dire elephant skeleton (Crypt:3)
  5 cane toads
  3 molten gargoyles (Geh:7)
  An eye of devastation (shapeshifter) (Vaults:5)
  A centaur skeleton (Crypt:3)
  A gargoyle (Crypt:3)
  10 hellions
  A titan simulacrum (Coc:1)
  A catoblepas zombie (Crypt:2)
  2 tengu conjurers
  3 efreet
  A spark wasp simulacrum (Depths:2)
  5 freezing wraiths
  A komodo dragon (Lair:5)
  27 yaktaurs
  2 ice devils
  An ancient zyme (Abyss:3)
  A catoblepas skeleton (Crypt:1)
  15 tormentors
  2 spectral nagas
  16 guardian mummies
  A harpy zombie (Crypt:3)
  14 hellwings (Pan)
  6 trolls
  13 merfolk
  A polar bear (Zig:19)
  A silent spectre (Zig:24)
  A wind drake (Shoals:4)
  A hornet (shapeshifter) (Depths:2)
  5 hornets
  A blink frog (Abyss:3)
  8 snapping turtles
  2 tarantellas
  A dream sheep (Zig:19)
  2 tyrant leeches
  3 glass eyes
  An ettin zombie (Tomb:2)
  An ice dragon zombie (Crypt:1)
  11 jumping spiders
  61 slime creatures
  A spriggan (shapeshifter) (Elf:2)
  An air elemental (Zig:21)
  A culicivora (shapeshifter) (Zig:6)
  4 vampires (Crypt:3)
  An ettin skeleton (Tomb:1)
  3 culicivoras
  A shadow (Crypt:3)
  6 water elementals
  10 yaks
  17 ynoxinuls
  5 ushabtiu
  3 wraiths
  A wyvern (Lair:5)
  2 basilisks
  8 golden eyes
  6 fire elementals
  5 neqoxecs
  A harpy simulacrum (Coc:1)
  9 wargs
  19 redbacks
  4 chaos spawn (Pan)
  2 small abominations (Abyss:3)
  6 water moccasins
  A cane toad zombie (Crypt:2)
  44 orc warriors
  A black bear (shapeshifter) (Vaults:5)
  4 laughing skulls
  A black mamba simulacrum (Tomb:1)
  16 ogres
  3 centaurs
  A weeping skull (Abyss:3)
  2 brain worms (Pan)
  A scorpion (shapeshifter) (Elf:1)
  6 earth elementals
  3 crimson imps (D:14)
  A bullfrog zombie (Crypt:1)
  19 orc priests
  A human skeleton (Crypt:1)
  4 orc wizards
  19 mummies
  A shadow imp (Tar:7)
  2 white imps (D:14)
  11 orcs
  4 aspiring fleshes
  3 ball lightnings (Pan)
  5 creeping infernos
  11 fire vortices
  A spectral weapon (Hell)
  A starspawn tentacle (Zig:16)
  2 tentacles (Shoals:4)
2203 creatures vanquished.

Vanquished Creatures (others)
  A shard shrike (Coc:6)
  A Tzitzimitl (Tar:6)
  A hellephant (Geh:2)
  An Ice Fiend (Zig:8)
  A pandemonium lord (Pan)
  A tentacled monstrosity (Vaults:5)
  A lich (Pan)
  A titan (Vaults:5)
  486 eldritch tentacles
  A shadow dragon (Vaults:5)
  A tengu reaver (Vaults:5)
  A deep elf sorcerer (Elf:3)
  A fire giant (Depths:3)
  A fenstrider witch (Zig:8)
  3 vault wardens (Vaults:5)
  A frost giant (Vaults:5)
  3 balrugs
  A demonspawn corrupter (Pan)
  A shard shrike simulacrum (Coc:2)
  2 ironbound preservers (Vaults:5)
  A formless jellyfish (shapeshifter) (Zig:27)
  A formless jellyfish (Vaults:2)
  A stone giant (Depths:3)
  A very ugly thing (Vaults:5)
  A lorocyproca (Pan)
  An ironbound thunderhulk (Vaults:1)
  A deep elf annihilator (Pan)
  A demonspawn black sun (Pan)
  A red draconian (Zot:5)
  A crystal guardian (Vaults:4)
  4 blizzard demons (Pan)
  2 green deaths (Pan)
  An ettin (Vaults:5)
  A deep elf high priest (Vaults:5)
  2 yaktaur captains (Vaults:5)
  3 rakshasas (Pan)
  A caustic shrike simulacrum (Coc:6)
  A peacekeeper (Vaults:4)
  A hydra (Zig:7)
  A vault guard (Vaults:5)
  2 ogre magi (Vaults:5)
  A stoker (Geh:2)
  A jorogumo (Pan)
  3 death scarabs (Tomb:2)
  A sun demon (Pan)
  An iron troll (Depths:2)
  A goliath frog (Zig:11)
  A deep troll (Depths:3)
  A lindwurm (Vaults:3)
  A bog body (Zig:8)
  A harpy (Shoals:4)
  A deep elf archer (Elf:2)
  An ironbound convoker (Vaults:5)
  2 deep elf zephyrmancers
  A will-o-the-wisp (Zig:11)
  An apocalypse crab (Zig:27)
  A vault sentinel (Vaults:5)
  4 smoke demons (Pan)
  2 yaktaurs
  A tormentor (Geh:3)
  An ice devil (Pan)
  2 hellwings (Pan)
  A tyrant leech (Zig:7)
  A dire elephant simulacrum (Coc:6)
  A water elemental (Zig:21)
  An air elemental (Elf:1)
  A warg (shapeshifter) (Zig:27)
  A laughing skull (Crypt:3)
  A small abomination (Abyss:3)
  2 mummies (Tomb:2)
  22 ball lightnings
  2 creeping infernos
  7 fire vortices
  213 fulminant prisms
  8 starspawn tentacles
  6 tentacles (Shoals:4)
835 creatures vanquished.

Grand Total: 6178 creatures vanquished

Notes
Turn   | Place    | Note
-------+----------+-------------------------------------------
     0 | D:1      | mohammadb5305 the Felid Conjurer began the quest for the
                  | Orb.
     0 | D:1      | Reached XP level 1. HP: 9/9 MP: 4/4
   252 | D:1      | Reached XP level 2. HP: 13/13 MP: 1/6
   501 | D:1      | Found a faded altar of an unknown god.
   618 | D:1      | Reached skill level 1 in Fighting
  1126 | D:2      | Reached XP level 3. HP: 18/18 MP: 2/7
  1399 | D:2      | Learned a level 2 spell: Searing Ray
  1582 | D:2      | Reached XP level 4. HP: 23/23 MP: 5/9
  1582 | D:2      | Gained a life (2 lives remaining)
  2425 | D:3      | Found Hifuph's Distillery.
  2434 | D:3      | Bought a potion of heal wounds for 55 gold pieces
  2434 | D:3      | Bought a potion of curing for 33 gold pieces
  2434 | D:3      | Bought a potion of lignification for 33 gold pieces
  2597 | D:3      | Found a hazy altar of Hepliaklqana.
  2712 | D:3      | Found a runed translucent gate.
  2712 | D:3      | Found a runed translucent gate.
  2712 | D:3      | Found a runed translucent gate.
  2712 | D:3      | Noticed Asparus's ghost (amateur OpSh)
  2714 | D:3      | Found a basalt altar of Yredelemnul.
  2723 | D:3      | Reached XP level 5. HP: 18/28 MP: 1/11
  3366 | D:4      | Gained mutation: You are covered in thick fur. (AC +2)
                  | [Felid growth]
  3366 | D:4      | Reached XP level 6. HP: 32/32 MP: 8/14
  3468 | D:4      | Reached skill level 5 in Spellcasting
  4195 | D:5      | Entered Level 5 of the Dungeon
  4295 | D:5      | Noticed an ice beast
  4452 | D:5      | Incinerated by a bombardier beetle
  4452 | D:5      | Lost a life (1 life remaining)
  4453 | D:5      | Found a staircase to the Ecumenical Temple.
  4453 | D:5      | Noticed Menkaure
  4511 | D:5      | Reached skill level 5 in Dodging
  4511 | D:5      | Reached XP level 7. HP: 36/36 MP: 3/16
  4511 | D:5      | Gained a life (2 lives remaining)
  5099 | D:5      | Found a burning altar of Makhleb.
  5600 | D:6      | Learned a level 4 spell: Iskenderun's Mystic Blast
  5600 | D:6      | Found a sand-covered staircase.
  5627 | Ossuary  | Entered an ossuary
  6012 | Ossuary  | Reached XP level 8. HP: 39/40 MP: 8/18
  7087 | D:6      | Reached skill level 5 in Conjurations
  7336 | D:6      | Got the Cyclopedia of the Dead
  8021 | D:6      | Found a glowing golden altar of the Shining One.
  8150 | D:6      | Reached XP level 9. HP: 44/44 MP: 14/21
  9945 | D:7      | Found a runed translucent door.
  9946 | D:7      | Noticed Crazy Yiuf
  9952 | D:7      | Killed Crazy Yiuf
 10062 | D:8      | Identified a scroll of acquirement
 10378 | D:8      | Found a stormy altar of Qazlal.
 10544 | D:5      | Killed Menkaure
 10549 | Temple   | Entered the Ecumenical Temple
 10569 | Temple   | Became a worshipper of Gozag Ym Sagoz the Greedy
 10749 | D:8      | Noticed Erica
 10760 | D:8      | Learned a level 4 spell: Fulminant Prism
 10796 | D:8      | Killed Erica
 10797 | D:8      | Reached XP level 10. HP: 26/49 MP: 8/23
 11263 | D:8      | Noticed Prince Ribbit
 11305 | D:8      | Killed Prince Ribbit
 11477 | D:8      | Found a glowing silver altar of Zin.
 11792 | D:9      | Reached skill level 10 in Conjurations
 12219 | D:9      | Found a viscous altar of Jiyva.
 12775 | D:9      | Found a staircase to the Lair.
 13022 | D:10     | Entered Level 10 of the Dungeon
 13252 | D:10     | Reached skill level 10 in Spellcasting
 13384 | D:10     | Found a shimmering blue altar of Sif Muna.
 13386 | D:10     | Found a blossoming altar of Fedhas.
 13389 | D:10     | Found a radiant altar of Vehumet.
 13390 | D:10     | Found a bloodstained altar of Trog.
 13418 | D:10     | Noticed a two-headed ogre
 13434 | D:10     | Killed a two-headed ogre
 13435 | D:10     | Reached XP level 11. HP: 52/52 MP: 16/26
 13493 | D:10     | Noticed a two-headed ogre
 13504 | D:10     | Killed a two-headed ogre
 13723 | D:10     | Reached skill level 5 in Translocations
 13934 | D:10     | Noticed Harold
 13943 | D:10     | Killed Harold
 14329 | D:10     | Found a broken altar of Ashenzari.
 14333 | D:10     | Saw a vision of the Shoals and the Spider Nest.
 14333 | D:10     | Noticed a sea snake
 14333 | D:10     | Noticed a sea snake
 14333 | D:10     | Noticed a demonic crawler
 14333 | D:10     | Noticed a steelbarb worm
 14333 | D:10     | Noticed a boulder beetle
 14333 | D:10     | Noticed a wolf spider
 14333 | D:10     | Noticed a boulder beetle
 14333 | D:10     | Noticed an emperor scorpion
 14333 | D:10     | Noticed a wolf spider
 14902 | Lair:1   | Entered Level 1 of the Lair of Beasts
 16358 | Lair:2   | Noticed a death yak
 16405 | Lair:2   | Noticed a death yak
 16405 | Lair:2   | Noticed a death yak
 16425 | Lair:2   | Gained mutation: Your thick and shaggy fur keeps you warm.
                  | (AC +3, rC+) [Felid growth]
 16425 | Lair:2   | Reached XP level 12. HP: 36/58 MP: 14/27
 16425 | Lair:2   | Noticed Amaemon
 16494 | Lair:2   | Found a staircase to the Shoals.
 16875 | Lair:2   | Reached skill level 5 in Fighting
 17039 | Lair:2   | Killed a death yak
 17345 | Lair:2   | Noticed a six-headed hydra
 17348 | Lair:2   | Noticed a boulder beetle
 17511 | Lair:2   | Killed Amaemon
 17803 | Lair:2   | Noticed a death yak
 17817 | Lair:2   | Killed a death yak
 17884 | Lair:2   | Killed a death yak
 18303 | Lair:2   | Found a hole to the Spider Nest.
 18409 | Lair:2   | Killed a six-headed hydra
 18492 | Lair:2   | Acquired Pawid's Exposition on Energetic Electricity
 18502 | Lair:2   | Learned a level 7 spell: Orb of Destruction
 18510 | Lair:2   | Learned a level 7 spell: Spellforged Servitor
 18943 | Lair:3   | Reached skill level 1 in Summonings
 20703 | Lair:4   | Found a gate leading to a gauntlet.
 20712 | Gauntlet | Entered a Gauntlet
 20712 | Gauntlet | Found a transporter.
 20712 | Gauntlet | Found a transporter.
 20751 | Gauntlet | Found a transporter.
 20754 | Gauntlet | Found a transporter.
 20763 | Gauntlet | Found a transporter.
 20766 | Gauntlet | Found a transporter.
 20778 | Gauntlet | Found a transporter.
 20783 | Gauntlet | Found a runed translucent door.
 20790 | Gauntlet | Found a transporter.
 20805 | Gauntlet | Found a transporter.
 20809 | Gauntlet | Found a transporter.
 20817 | Gauntlet | Found a transporter.
 20821 | Gauntlet | Found a transporter.
 21213 | Gauntlet | Reached XP level 13. HP: 68/68 MP: 20/28
 21276 | Gauntlet | Reached skill level 5 in Summonings
 21389 | Gauntlet | Identified the ring "Iwun" {rC- rN++ Will+ Str+4}
 21389 | Gauntlet | Noticed a minotaur
 21394 | Gauntlet | Killed a minotaur
 22463 | Lair:5   | Entered Level 5 of the Lair of Beasts
 23139 | Lair:5   | Blown up by a spellforged servitor
 23139 | Lair:5   | Lost a life (1 life remaining)
 23396 | Lair:5   | Identified the storm talisman "Cinwanic" {+Blink rF- Int+2
                  | Dex+4}
 24233 | Lair:5   | Reached skill level 15 in Conjurations
 24361 | Lair:5   | Reached skill level 1 in Shapeshifting
 25335 | Lair:5   | Found a viscous altar of Jiyva.
 25346 | Lair:5   | Learned a level 7 spell: Summon Hydra
 26457 | D:11     | Reached XP level 14. HP: 73/73 MP: 16/29
 26457 | D:11     | Gained a life (2 lives remaining)
 26543 | D:11     | Reached skill level 5 in Shapeshifting
 27211 | D:11     | Identified the ring "Nyffuuru" {+Blink Fly rElec Int-4
                  | Stlth-}
 27231 | D:12     | Found Hukh's Assorted Antiques.
 27240 | D:12     | Bought a scroll of teleportation for 99 gold pieces
 27240 | D:12     | Bought a scroll labelled ILLEOMAJIKH for 33 gold pieces
 27240 | D:12     | Bought a scroll labelled QAATAU IHIOSCH for 33 gold pieces
 27240 | D:12     | Bought a potion of heal wounds for 165 gold pieces
 27271 | D:12     | Reached skill level 10 in Summonings
 27692 | D:12     | Found a sacrificial altar of Ru.
 28682 | D:12     | Found a staircase to the Orcish Mines.
 28871 | Orc:1    | Entered Level 1 of the Orcish Mines
 29058 | Orc:1    | Noticed Nergalle
 29063 | Orc:1    | Noticed Jorgrun
 29066 | Orc:1    | Killed Nergalle
 29077 | Orc:1    | Killed Jorgrun
 29295 | Orc:1    | Found Apawaptu's Antique Armour Emporium.
 29490 | Orc:2    | Entered Level 2 of the Orcish Mines
 29564 | Orc:1    | Reached XP level 15. HP: 77/77 MP: 30/30
 29565 | Orc:1    | Reached XP level 16. HP: 81/81 MP: 31/31
 29896 | Orc:2    | Found a staircase to the Elven Halls.
 32838 | Orc:2    | Reached skill level 10 in Shapeshifting
 32959 | Orc:2    | Found Sotaaptuom's Distillery.
 32962 | Orc:2    | Found Cyptoir's Armour Boutique.
 32966 | Orc:2    | Found Matt's Antique Weapon Shop.
 32967 | Orc:2    | Found Qusmix's Weapon Boutique.
 32974 | Orc:2    | Bought a potion of lignification for 45 gold pieces
 32974 | Orc:2    | Bought a potion of haste for 150 gold pieces
 32974 | Orc:2    | Bought a potion of heal wounds for 75 gold pieces
 32974 | Orc:2    | Bought 2 potions of heal wounds for 150 gold pieces
 32974 | Orc:2    | Bought a potion of curing for 45 gold pieces
 32974 | Orc:2    | Bought a potion of magic for 120 gold pieces
 33233 | D:13     | Found a flickering gateway to a bazaar.
 33245 | Bazaar   | Entered a bazaar
 33245 | Bazaar   | Found Komn's Assorted Antiques.
 33245 | Bazaar   | Found Siar's Antique Armour Shop.
 33245 | Bazaar   | Found Gerulopp's Book Boutique.
 33250 | Bazaar   | Bought 3 scrolls labelled ILLEOMAJIKH for 93 gold pieces
 33250 | Bazaar   | Bought a potion of haste for 310 gold pieces
 33256 | Bazaar   | Bought a book of the Moon for 480 gold pieces
 33256 | Bazaar   | Bought a Grand Grimoire for 408 gold pieces
 33256 | Bazaar   | Bought a book of Minor Magic for 192 gold pieces
 33685 | D:13     | Killed from afar by a tengu conjurer
 33685 | D:13     | Lost a life (1 life remaining)
 33694 | D:13     | Found a radiant altar of Vehumet.
 34848 | D:13     | Found a gate to the Vaults.
 35182 | D:14     | Reached skill level 1 in Evocations
 35712 | D:14     | Found an ornate altar of the Wu Jian Council.
 35975 | D:14     | You fall into a shaft and drop 1 floor!
 35975 | D:15     | Entered Level 15 of the Dungeon
 36481 | D:15     | Noticed Roxanne
 36492 | D:15     | Killed Roxanne
 36576 | D:15     | Reached skill level 5 in Evocations
 37884 | D:15     | Reached XP level 17. HP: 71/85 MP: 16/32
 37884 | D:15     | Gained a life (2 lives remaining)
 37947 | D:14     | HP: 4/85 [nameless horror[miscasting Summon Hydra] (10)]
 38653 | D:15     | Found a staircase to the Depths.
 38728 | D:15     | Found a shadowy altar of Dithmenos.
 39186 | Spider:1 | Entered Level 1 of the Spider Nest
 40288 | Spider:1 | You fall into a shaft and drop 1 floor!
 40312 | Spider:2 | Slain by a wolf spider
 40312 | Spider:2 | Lost a life (1 life remaining)
 40406 | Spider:1 | Noticed Donald
 40416 | Spider:1 | Killed Donald
 41241 | Spider:1 | Noticed Louise
 41257 | Spider:1 | Killed Louise
 41705 | Spider:2 | Blown up by an orb spider
 41705 | Spider:2 | Lost a life (0 lives remaining)
 42128 | Spider:1 | Learned a level 4 spell: Passage of Golubria
 45183 | Spider:3 | Identified the +1 chain mail of the Aged Friars {Stlth+}
 45953 | Spider:4 | Entered Level 4 of the Spider Nest
 47655 | Spider:4 | Reached XP level 18. HP: 44/90 MP: 6/33
 47655 | Spider:4 | Gained a life (1 life remaining)
 47782 | Spider:4 | Reached skill level 15 in Summonings
 48285 | Spider:4 | Lost strength.
 48650 | Spider:4 | Engulfed by a cloud of flame
 48650 | Spider:4 | Lost a life (0 lives remaining)
 49138 | Spider:4 | Got a gossamer rune of Zot
 49541 | Vaults:1 | Entered Level 1 of the Vaults
 49915 | Vaults:1 | Learned a level 7 spell: Malign Gateway
 49926 | Vaults:1 | Identified the +3 scale mail "Udadelon" {rF+ rN+ Int-4}
 49929 | Vaults:1 | Reached skill level 10 in Translocations
 52125 | Vaults:1 | Found Laexuqoph's Magic Scroll Boutique.
 52130 | Vaults:1 | Bought a scroll of teleportation for 42 gold pieces
 52130 | Vaults:1 | Bought a scroll of fear for 56 gold pieces
 52130 | Vaults:1 | Bought a scroll of immolation for 56 gold pieces
 53024 | Vaults:1 | Glimpsed the power of Zot.
 53564 | Vaults:2 | Reached skill level 15 in Translocations
 53815 | Vaults:2 | Reached XP level 19. HP: 93/93 MP: 27/34
 53815 | Vaults:2 | Gained a life (1 life remaining)
 53923 | Vaults:2 | Found a staircase to the Crypt.
 53929 | Vaults:2 | Reached skill level 1 in Unarmed Combat
 54687 | Vaults:2 | Reached skill level 5 in Unarmed Combat
 54956 | Vaults:2 | Identified the ring of Gozag's Esteem {rF+ Int+6}
 55941 | Vaults:3 | Found Yrotica's Weapon Boutique.
 56409 | Vaults:3 | Identified the +6 broad axe "Ebohu" {elec, MP+9 Str+3}
 56550 | Vaults:3 | Identified the +4 dagger of Proximity {heavy, rF+}
 58374 | Vaults:3 | Reached skill level 10 in Dodging
 59125 | Vaults:4 | Noticed Boris
 59138 | Vaults:4 | Killed Boris
 59139 | Vaults:4 | Reached XP level 20. HP: 96/98 MP: 23/35
 59916 | Vaults:4 | Found Xezuhucy's Weapon Emporium.
 60357 | Vaults:4 | Found a runed translucent gate.
 60357 | Vaults:4 | Found a runed translucent gate.
 60358 | Vaults:4 | Found a runed translucent gate.
 60358 | Vaults:4 | Noticed vbillard's ghost (adept DECj)
 60358 | Vaults:4 | Noticed eruonna's ghost (veteran HOBe)
 60468 | Vaults:4 | Noticed Saint Roka
 60475 | Vaults:4 | Killed Saint Roka
 61476 | Depths:1 | Entered Level 1 of the Depths
 61590 | Depths:1 | Noticed Boris
 61601 | Depths:1 | Killed Boris
 61897 | Shoals:1 | Entered Level 1 of the Shoals
 61958 | Lair:2   | Bought a scroll of teleportation for 39 gold pieces
 61958 | Lair:2   | Bought a scroll of blinking for 97 gold pieces
 61958 | Lair:2   | Bought a scroll of teleportation for 39 gold pieces
 62062 | Shoals:1 | Reached XP level 21. HP: 102/102 MP: 36/36
 62507 | Shoals:1 | Noticed Frances
 62521 | Shoals:1 | Killed Frances
 63358 | Shoals:2 | Reached skill level 15 in Dodging
 63368 | Shoals:2 | Upgraded the game from 0.31.0-9-g3a7656b989 to
                  | 0.31.0-10-gcf4a605ca0
 63488 | Shoals:2 | Noticed Mlioglotl
 63582 | Shoals:2 | Noticed Polyphemus
 63587 | Shoals:2 | Killed Polyphemus
 63778 | Shoals:2 | Killed Mlioglotl
 65355 | Shoals:4 | Entered Level 4 of the Shoals
 65451 | Shoals:4 | Reached skill level 10 in Unarmed Combat
 65937 | Shoals:4 | Reached XP level 22. HP: 107/107 MP: 37/37
 65937 | Shoals:4 | Gained a life (2 lives remaining)
 65947 | Shoals:4 | Noticed Bai Suzhen
 65954 | Shoals:4 | Killed Bai Suzhen
 66123 | Shoals:4 | Reached skill level 10 in Evocations
 66151 | Shoals:4 | Got the Volume of the Planar Atmosphere
 66382 | Shoals:4 | Found Buotipt's Antique Armour Emporium.
 66646 | Shoals:4 | Got a barnacled rune of Zot
 66707 | Shoals:4 | Identified the ring of Redebaot {rF+ rN+ Will+ Str+4}
 67395 | Elf:1    | Entered Level 1 of the Elven Halls
 67485 | Elf:1    | Noticed Zenata
 67600 | Elf:1    | Paralysed by an air elemental for 1 turns
 67799 | Elf:1    | Got the Almanac of the Cooperative Missiles
 68125 | Elf:1    | Learned a level 5 spell: Yara's Violent Unravelling
 68554 | Elf:1    | Reached skill level 1 in Hexes
 68684 | Elf:1    | Killed Zenata
 69029 | Elf:1    | Got the Quarto of Flames
 69036 | Elf:1    | Got the Writings on the Syncline
 69047 | Elf:1    | Got the Meditations on Hail
 69223 | Elf:1    | Found a shimmering altar of Xom.
 69414 | Elf:2    | Reached skill level 5 in Hexes
 69515 | Elf:2    | Found a runed translucent gate.
 69516 | Elf:2    | Found a runed translucent gate.
 69516 | Elf:2    | Found a runed translucent gate.
 69832 | Elf:2    | Reached skill level 1 in Alchemy
 70351 | Elf:3    | Entered Level 3 of the Elven Halls
 70965 | Elf:3    | Reached skill level 10 in Hexes
 71748 | Elf:3    | Identified the +8 scimitar of the Ancients {vamp, *Rage
                  | rElec Str+2 Dex+2}
 72357 | Elf:3    | Reached XP level 23. HP: 87/111 MP: 35/38
 73549 | Lair:5   | Found a staircase to the Slime Pits.
 73948 | Depths:1 | Reached skill level 5 in Alchemy
 74048 | Depths:1 | You fall into a shaft and drop 1 floor!
 74245 | Depths:1 | Found a gateway to Hell.
 74351 | Depths:1 | Found a transporter.
 74353 | Depths:1 | Found a transporter.
 74357 | Depths:1 | Found a transporter.
 74423 | Depths:1 | Found a transporter.
 74644 | Depths:2 | Reached skill level 15 in Hexes
 74955 | Depths:2 | Found a one-way gate leading to the halls of Pandemonium.
 75347 | Depths:2 | Found a one-way gateway to a ziggurat.
 75359 | Depths:2 | Noticed Boris
 75368 | Depths:2 | Killed Boris
 75540 | Depths:2 | Found a stormy altar of Qazlal.
 76197 | Depths:3 | Reached skill level 15 in Shapeshifting
 76606 | Depths:3 | Found a one-way gate to the infinite horrors of the Abyss.
 76970 | Depths:3 | Identified the ring of Yredelemnul's Approval {rF+ rC++
                  | Will+ Str-2 Int+2}
 76993 | Depths:3 | Identified the +0 ring mail "Xenuasm" {Rampage rF+ Str+3}
 77113 | Depths:3 | Found a transporter.
 77471 | Depths:3 | Identified the ring "Tonlim" {EV+5 Str+4 Int-3 Stlth+}
 77941 | Depths:3 | Noticed Sojobo
 77951 | Depths:3 | Killed Sojobo
 78703 | Depths:3 | Identified the +8 scale mail "Gocuraci" {rF- rN++ Str+4}
 78741 | Depths:3 | Identified the +0 rapier "Kousch" {drain, Int+3}
 78751 | Depths:3 | Found a transporter.
 78817 | Depths:3 | Found a shadowy altar of Dithmenos.
 79131 | Depths:3 | Identified the ring "Wumn" {Fly Will- rCorr Str+6 Int+8}
 79211 | Depths:4 | Entered Level 4 of the Depths
 79211 | Depths:4 | Noticed a caustic shrike
 79330 | Depths:4 | Noticed a caustic shrike
 79330 | Depths:4 | Noticed a caustic shrike
 79369 | Depths:4 | Noticed Mennas
 80184 | Depths:4 | Reached XP level 24. HP: 115/115 MP: 41/41
 80185 | Depths:4 | Noticed the Enchantress
 80187 | Depths:4 | Killed the Enchantress
 80609 | Depths:4 | Found a gate to the Realm of Zot.
 81205 | Depths:4 | Noticed Parghit
 81210 | Depths:4 | Killed Parghit
 81460 | Depths:4 | Killed Mennas
 81780 | Depths:4 | Identified the +1 ring mail of the Muttering Gods {Regen+}
 82713 | Vaults:4 | Learned a level 9 spell: Dragon's Call
 82769 | Vaults:5 | Entered Level 5 of the Vaults
 82769 | Vaults:5 | Noticed a dread lich
 82819 | Vaults:4 | Bought a scroll of amnesia for 80 gold pieces
 82963 | Vaults:5 | Killed a dread lich
 82964 | Vaults:5 | Identified the +9 demon trident "Trog's Anger" {drain,
                  | *Noise rPois Str+8 SInv}
 82977 | Vaults:5 | Noticed an ancient lich
 83002 | Vaults:5 | Killed from afar by an ancient lich
 83002 | Vaults:5 | Lost a life (1 life remaining)
 83162 | Vaults:5 | Killed an ancient lich
 83311 | Vaults:5 | Found Cinont's Magic Scroll Emporium.
 83317 | Vaults:5 | Bought a scroll of teleportation for 45 gold pieces
 83317 | Vaults:5 | Bought a scroll of blinking for 112 gold pieces
 83317 | Vaults:5 | Bought a scroll of teleportation for 45 gold pieces
 83317 | Vaults:5 | Bought a scroll of teleportation for 45 gold pieces
 83336 | Vaults:5 | Identified the ring "Besuff" {Fly rC++ Str-3 Int+3 Dex+2}
 83339 | Vaults:5 | Identified the +14 plate armour "Reggaonu" {rN+ Dex+2}
 83380 | Vaults:5 | Identified the +5 plate armour of the Imp {Fly}
 83811 | Vaults:5 | Got a silver rune of Zot
 83906 | Vaults:5 | Learned a level 6 spell: Bombard
 83937 | Vaults:5 | Identified the +2 chain mail of Tender Moments {*Corrode
                  | rN+ Dex+4}
 83938 | Vaults:5 | Identified the staff "Xiufeged" {rC+ Will+ Int+4 Stlth-
                  | Ice}
 84193 | Vaults:5 | Reached skill level 1 in Earth Magic
 84961 | Zot:1    | Entered Level 1 of the Realm of Zot
 85017 | Zot:1    | Reached XP level 25. HP: 119/119 MP: 9/42
 85017 | Zot:1    | Gained a life (2 lives remaining)
 85316 | Zot:1    | Found a white marble altar of Elyvilon.
 86120 | Zot:2    | Reached skill level 5 in Earth Magic
 86312 | Zot:2    | Noticed a Killer Klown
 86323 | Zot:2    | Killed a Killer Klown
 86399 | Zot:2    | Found a transporter.
 86414 | Zot:2    | Noticed Grunn
 86418 | Zot:2    | Killed Grunn
 86627 | Zot:2    | Found a transporter.
 86657 | Zot:2    | Found a transporter.
 86805 | Zot:2    | Found a transporter.
 87386 | Zot:3    | Found a transporter.
 87397 | Zot:3    | Found a transporter.
 87430 | Zot:3    | Noticed a Killer Klown
 87925 | Zot:3    | Noticed SlaveLabor's ghost (legendary DjAE)
 87925 | Zot:3    | Noticed an ancient lich
 88100 | Zot:3    | Noticed an orb of fire
 88104 | Zot:3    | Gained mutation: You are vulnerable to heat. (rF-) [an orb
                  | of fire]
 88107 | Zot:3    | Gained mutation: You do not regenerate when monsters are
                  | visible. [an orb of fire]
 88111 | Zot:3    | Gained mutation: Your magical capacity is low. (-10% MP)
                  | [an orb of fire]
 88502 | Zot:3    | Killed an orb of fire
 88511 | Zot:3    | Acquired 1223 gold pieces
 88741 | Zot:3    | Got the Papyrus of the Panacea
 88768 | Zot:3    | Identified the ring "Plog" {rElec rC+ rCorr EV+5 Dex-5}
 89447 | Zot:3    | Lost mutation: You are vulnerable to heat. (rF-) [potion of
                  | mutation]
 89447 | Zot:3    | Lost mutation: You do not regenerate when monsters are
                  | visible. [potion of mutation]
 89447 | Zot:3    | Lost mutation: Your magical capacity is low. (-10% MP)
                  | [potion of mutation]
 89447 | Zot:3    | Gained mutation: You are agile. (Dex +4, Str/Int -1)
                  | [potion of mutation]
 89447 | Zot:3    | Lost mutation: You are agile. (Dex +4, Str/Int -1) [potion
                  | of mutation]
 89447 | Zot:3    | Gained mutation: You sometimes lose your temper in combat.
                  | [potion of mutation]
 89447 | Zot:3    | Gained mutation: You are robust. (+10% HP) [potion of
                  | mutation]
 90518 | Zot:4    | Reached XP level 26. HP: 135/135 MP: 27/42
 90744 | Zot:5    | Entered Level 5 of the Realm of Zot
 90892 | Zot:5    | Noticed an orb of fire
 90895 | Zot:5    | Lost mutation: You are robust. (+10% HP) [an orb of fire]
 90896 | Zot:5    | Killed an orb of fire
 91751 | Zot:5    | Noticed a dread lich
 91761 | Zot:5    | Killed a dread lich
 91917 | Zot:5    | Paralysed by a Zot trap for 3 turns
 92062 | Zot:5    | Noticed an ancient lich
 92066 | Zot:5    | Killed an ancient lich
 92165 | Zot:5    | Noticed an ancient lich
 92173 | Zot:5    | Killed an ancient lich
 92213 | Zot:5    | Noticed an ancient lich
 92218 | Zot:5    | Killed an ancient lich
 92457 | Zot:5    | Noticed a dread lich
 92497 | Zot:5    | Killed a dread lich
 93054 | Zot:5    | Noticed a dread lich
 93094 | Zot:5    | Noticed an ancient lich
 93100 | Zot:5    | Killed an ancient lich
 93102 | Zot:5    | Killed a dread lich
 93121 | Zot:5    | Noticed a dread lich
 93130 | Zot:5    | Killed a dread lich
 93164 | Zot:5    | Noticed a dread lich
 93169 | Zot:5    | Killed a dread lich
 93226 | Zot:5    | Noticed an ancient lich
 93230 | Zot:5    | Killed an ancient lich
 93241 | Zot:5    | Reached skill level 1 in Fire Magic
 93262 | Zot:5    | Noticed an orb of fire
 93270 | Zot:5    | Killed an orb of fire
 93333 | Zot:5    | Noticed a dread lich
 93337 | Zot:5    | Killed a dread lich
 94098 | Crypt:1  | Entered Level 1 of the Crypt
 94308 | Crypt:1  | Reached skill level 5 in Fire Magic
 94308 | Crypt:1  | Reached XP level 27. HP: 128/128 MP: 25/42
 96437 | Crypt:3  | Entered Level 3 of the Crypt
 97531 | Crypt:3  | Found an ancient bone altar of Kikubaaqudgha.
 97722 | Crypt:3  | Noticed a dread lich
 97727 | Crypt:3  | Killed a dread lich
 97774 | Crypt:3  | Got the Secrets of Outbursts and Generation
 97991 | Crypt:3  | Noticed Jory
 98002 | Crypt:3  | Killed Jory
 98119 | Crypt:3  | Found a staircase to the Tomb.
 98577 | Crypt:3  | Found the +9 sword of Zonguldrok {reap}
 98837 | Crypt:3  | Reached skill level 10 in Fire Magic
 99698 | Slime:1  | Entered Level 1 of the Pits of Slime
101974 | Slime:5  | Entered Level 5 of the Pits of Slime
102075 | Slime:5  | Gained mutation: Your spells are a little easier to cast,
                  | but a little less powerful. [a shining eye]
102522 | Slime:5  | Gained mutation: You do not regenerate when monsters are
                  | visible. [a shining eye]
102645 | Slime:5  | Noticed the Royal Jelly
102655 | Slime:5  | Killed the Royal Jelly
103020 | Slime:5  | Identified the +0 robe of Rotten Liberty {MP+9 Dex+2}
103042 | Slime:5  | Found the +10 dark maul {heavy}
103045 | Slime:5  | Found the +27 heavy crossbow "Sniper" {heavy, Acc+∞ SInv}
103046 | Slime:5  | Got a slimy rune of Zot
103047 | Slime:5  | Identified the ring "Ylifylosch" {rPois rF++ Will- MP+9
                  | Str-3}
103097 | Slime:5  | Identified the +7 whip of Exoneration {heavy, rF+ Int+2}
104276 | Depths:2 | Bought a scroll of revelation for 157 gold pieces
104278 | Depths:2 | Bought a scroll of immolation for 84 gold pieces
104288 | Zig:1    | Entered Level 1 of a ziggurat
104332 | Zig:2    | Entered Level 2 of a ziggurat
104364 | Zig:3    | Entered Level 3 of a ziggurat
104442 | Zig:3    | Lost mutation: Your spells are a little easier to cast, but
                  | a little less powerful. [potion of mutation]
104442 | Zig:3    | Lost mutation: You do not regenerate when monsters are
                  | visible. [potion of mutation]
104442 | Zig:3    | Gained mutation: Your mind is acute. (Int +4, Str/Dex -1)
                  | [potion of mutation]
104444 | Zig:4    | Entered Level 4 of a ziggurat
104575 | Zig:4    | Learned a level 8 spell: Ignition
104598 | Zig:5    | Entered Level 5 of a ziggurat
104682 | Zig:5    | Acquired 828 gold pieces
104686 | Zig:6    | Entered Level 6 of a ziggurat
104763 | Zig:6    | Identified the +1 plate armour of Ydyiryir {Rampage rPois
                  | Str+4 Dex-2}
104767 | Zig:7    | Entered Level 7 of a ziggurat
104837 | Zig:7    | Identified the staff "Erosch" {rPois Conj}
104839 | Zig:7    | Got the Incunabulum of the Ageless Servitors
104850 | Zig:8    | Entered Level 8 of a ziggurat
104860 | Zig:8    | Noticed Podyelil the pandemonium lord
104872 | Zig:8    | Killed Podyelil the pandemonium lord
104966 | Zig:9    | Entered Level 9 of a ziggurat
105155 | Zig:9    | Identified the staff of the Enfolding Asp {rElec rF+ rN+
                  | Fire}
105157 | Zig:9    | Identified the blade talisman of Inquiry {rPois rCorr Str+2
                  | Stlth+}
105160 | Zig:9    | Identified the ring of Ubuut {rPois Will+ Slay+2}
105208 | Zig:10   | Entered Level 10 of a ziggurat
105230 | Zig:10   | Reached skill level 15 in Fire Magic
105413 | Zig:10   | Identified the ring of the Final Blessings {^Contam +Blink
                  | rN+ Dex+6}
105447 | Zig:11   | Entered Level 11 of a ziggurat
105526 | Zig:11   | Found the +3 salamander hide armour {Flames, rFlCloud rF++
                  | rC--}
105555 | Zig:11   | Got the Information on the Union
105602 | Zig:11   | Identified the +6 short sword "Arcanum" {flame, rC- Str+4
                  | Int+5}
105606 | Zig:12   | Entered Level 12 of a ziggurat
105737 | Zig:12   | Got Qagariteib's Disquisition on the Entrancing Mortuary
105740 | Zig:12   | Identified the +8 quarterstaff "Jellybane" {spect, *Slow
                  | Str+2 Int+8 Stlth+}
105768 | Zig:13   | Entered Level 13 of a ziggurat
105774 | Zig:13   | Noticed a royal mummy
105776 | Zig:13   | Noticed a royal mummy
105778 | Zig:13   | Noticed a royal mummy
105780 | Zig:13   | Killed a royal mummy
105780 | Zig:13   | Killed a royal mummy
105786 | Zig:13   | Killed a royal mummy
105978 | Zig:14   | Entered Level 14 of a ziggurat
105993 | Zig:14   | Reached skill level 10 in Fighting
106138 | Zig:14   | Identified the ring of Fuamonesh {rF+ Int+2 Dex+6}
106155 | Zig:14   | Identified the ring of Giunun {Ice Int+3 Dex+2}
106199 | Zig:15   | Entered Level 15 of a ziggurat
106280 | Zig:15   | Identified the ring "Xecen" {rF+ rN+}
106281 | Zig:15   | Identified the +5 arbalest "Xaikic" {penet, Will+ Int+5}
106384 | Zig:16   | Entered Level 16 of a ziggurat
106557 | Zig:16   | Found the +4 consecrated labrys {holy, Valiant ^Fragile Fly
                  | SInv}
106572 | Zig:17   | Entered Level 17 of a ziggurat
106671 | Zig:17   | Found the macabre finger necklace {Finger+ rN+}
106720 | Zig:17   | Identified the +5 chain mail "Nohai" {Will+ Str+3 Int+3}
106773 | Zig:18   | Entered Level 18 of a ziggurat
107025 | Zig:18   | Acquired 1344 gold pieces
107029 | Zig:18   | Identified the +2 leather armour "Sisefodgh" {rElec rC+
                  | Regen+}
107092 | Zig:19   | Entered Level 19 of a ziggurat
107316 | Zig:19   | Got Wianew's Spellbook of Entranced Reagents
107323 | Zig:19   | Identified the ring of Rysyedgh {rPois rC+ rCorr Int+5
                  | Stlth-}
107393 | Zig:20   | Entered Level 20 of a ziggurat
107415 | Zig:20   | Reached skill level 15 in Fighting
107589 | Zig:20   | Found the +8 Wrath of Trog {antimagic, *Rage Rampage}
107623 | Zig:20   | Identified the amulet "Raoteiw" {Acrobat rCorr Str+2 Dex+3}
107633 | Zig:20   | Identified the amulet "Babepice" {Faith rPois Int+3}
107641 | Zig:20   | Identified the +2 dagger "Cacsion" {heavy, Int+3 Dex+4}
107691 | Zig:21   | Entered Level 21 of a ziggurat
107940 | Zig:21   | Found the dreamshard necklace {Acrobat *Dream}
108005 | Zig:21   | Identified the staff of Wondrous Power {rPois Str+2 Int+4
                  | Alchemy}
108013 | Zig:22   | Entered Level 22 of a ziggurat
108364 | Zig:22   | Identified the +11 demon trident "Death Rattle" {freeze,
                  | Str+3}
108371 | Zig:22   | Acquired 388 gold pieces
108417 | Zig:23   | Entered Level 23 of a ziggurat
108741 | Zig:23   | Found the +7 great mace "Firestarter" {flame, immolate,
                  | rFlCloud rF++}
108751 | Zig:23   | Identified the ring of Nuhumn {Ice rElec rN+}
108802 | Zig:24   | Entered Level 24 of a ziggurat
109249 | Zig:24   | Found the +6 arbalest "Damnation" {damnation}
109249 | Zig:24   | Found the +9 staff of Olgreb {rPois∞}
109304 | Zig:24   | Identified the +0 scale mail "Emaunap" {Dex+3}
109305 | Zig:24   | Identified the +2 pair of boots of Rodd {^Drain rF+ rN++
                  | Stlth+}
109311 | Zig:25   | Entered Level 25 of a ziggurat
109329 | Zig:25   | Noticed a dread lich
109330 | Zig:25   | Noticed a dread lich
109333 | Zig:25   | Noticed a dread lich
109336 | Zig:25   | Reached skill level 27 in Dodging
109336 | Zig:25   | Killed a dread lich
109339 | Zig:25   | Noticed a dread lich
109340 | Zig:25   | Noticed an ancient lich
109340 | Zig:25   | Killed a dread lich
109342 | Zig:25   | Killed a dread lich
109345 | Zig:25   | Killed an ancient lich
109349 | Zig:25   | Noticed a dread lich
109351 | Zig:25   | Killed a dread lich
109362 | Zig:25   | Killed a dread lich
109535 | Zig:25   | Found the +5 scythe "Finisher" {speed, execute}
109535 | Zig:25   | Found the +15 Maxwell's patent armour {-Cast -Tele rElec
                  | Will+ rCorr}
109536 | Zig:25   | Found the +8 Vampire's Tooth {megavamp}
109571 | Zig:25   | Identified the ring "Kylism" {rF++ rCorr Str+3 Dex-2 SInv}
109595 | Zig:25   | Identified the granite talisman of Indomitability {Dex+3}
109675 | Zig:26   | Entered Level 26 of a ziggurat
109928 | Zig:26   | Identified the ring "Sasorow" {rElec rN+}
109934 | Zig:26   | Identified the ring "Satibauf" {rC++ AC+4 Int-2}
109948 | Zig:26   | Identified the +9 hand axe "Hytueb" {venom, rPois Will+
                  | Str-5 Dex+2}
110037 | Zig:27   | Entered Level 27 of a ziggurat
110054 | Zig:27   | Noticed Doenumiv the pandemonium lord
110055 | Zig:27   | Noticed Lyfuisa the pandemonium lord
110056 | Zig:27   | Noticed Awiam the pandemonium lord
110057 | Zig:27   | Noticed Doimuuhu the pandemonium lord
110058 | Zig:27   | Noticed Veudibb the pandemonium lord
110078 | Zig:27   | Noticed Xouwo the pandemonium lord
110078 | Zig:27   | Killed Doenumiv the pandemonium lord
110079 | Zig:27   | Noticed Gioriyh the pandemonium lord
110080 | Zig:27   | Noticed Selyast the pandemonium lord
110080 | Zig:27   | Noticed Qexycleu the pandemonium lord
110084 | Zig:27   | Noticed Fecsyi the pandemonium lord
110087 | Zig:27   | Noticed Uwuarph the pandemonium lord
110088 | Zig:27   | Noticed Utaewi the pandemonium lord
110088 | Zig:27   | Noticed Loirroz the pandemonium lord
110088 | Zig:27   | Found the +3 pair of gauntlets of War {Slay+5}
110350 | Pan      | Entered Pandemonium
110579 | Pan      | Noticed Cibbueda the pandemonium lord
110601 | Pan      | Killed Cibbueda the pandemonium lord
111761 | Pan      | Noticed Pelounip the pandemonium lord
111803 | Pan      | Killed Pelounip the pandemonium lord
112073 | Pan      | Identified the +0 scale mail "Relaohid" {rN+}
113779 | Pan      | Noticed Muiwakluf the pandemonium lord
113795 | Pan      | Killed Muiwakluf the pandemonium lord
116298 | Pan      | Reached skill level 10 in Alchemy
117825 | Pan      | Gained mutation: Your body sometimes deteriorates upon
                  | taking damage. [a neqoxec]
117915 | Pan      | Noticed Jugemnal the pandemonium lord
117936 | Pan      | Killed Jugemnal the pandemonium lord
118930 | Pan      | Reached skill level 1 in Air Magic
119925 | Pan      | Reached skill level 5 in Air Magic
119931 | Pan      | Found an exit through the horrors of the Abyss.
120157 | Pan      | Noticed Jaogorch the pandemonium lord
120165 | Pan      | Killed Jaogorch the pandemonium lord
121063 | Pan      | Entered the realm of Lom Lobon.
121071 | Pan      | Killed from afar by a demonspawn blood saint
121071 | Pan      | Lost a life (1 life remaining)
121244 | Pan      | Noticed Ignacio
121255 | Pan      | Killed Ignacio
121256 | Pan      | Gained a life (2 lives remaining)
122444 | Pan      | Noticed Lom Lobon
122782 | Pan      | Got a magical rune of Zot
123200 | Pan      | Entered the realm of Cerebov.
123231 | Pan      | Reached skill level 10 in Air Magic
123927 | Pan      | Identified the +5 battleaxe of Gallantry {venom, +Blink rC-
                  | Dex+6}
123927 | Pan      | Identified the +0 robe of Poor Excuses {Rampage Dex+7 SInv
                  | Stlth-}
124689 | Pan      | Found an exit through the horrors of the Abyss.
125129 | Pan      | Identified the +1 battleaxe of Turmoil {venom, rC+ Str+2}
125240 | Pan      | Found the +6 sword of Cerebov {flame}
125240 | Pan      | Noticed Cerebov
125483 | Pan      | Got a fiery rune of Zot
126147 | Pan      | Noticed Siasme the pandemonium lord
126167 | Pan      | Killed Siasme the pandemonium lord
126661 | Pan      | Identified the ring "Qifo" {rF+ rN+ Dex+7}
127335 | Pan      | Gained mutation: You have hidden genetic defects. [a
                  | cacodemon]
127369 | Pan      | Lost mutation: Your body sometimes deteriorates upon taking
                  | damage. [potion of mutation]
127369 | Pan      | Lost mutation: You sometimes lose your temper in combat.
                  | [potion of mutation]
127369 | Pan      | Gained mutation: You possess an exceptional clarity of
                  | mind. [potion of mutation]
127369 | Pan      | Gained mutation: Your body sometimes deteriorates upon
                  | taking damage. [potion of mutation]
127369 | Pan      | Lost mutation: You have hidden genetic defects. [potion of
                  | mutation]
127487 | Pan      | Noticed Citysky the pandemonium lord
127511 | Pan      | Killed Citysky the pandemonium lord
127513 | Pan      | Found an exit through the horrors of the Abyss.
128459 | Pan      | Entered the realm of Gloorx Vloq.
128471 | Pan      | Reached skill level 15 in Unarmed Combat
128713 | Pan      | Reached skill level 15 in Air Magic
129055 | Pan      | Noticed Gloorx Vloq
129301 | Pan      | Learned a level 3 spell: Passwall
129417 | Pan      | Got a dark rune of Zot
129427 | Pan      | Entered the realm of Mnoleg.
129495 | Pan      | Demolished by a protean progenitor
129495 | Pan      | Lost a life (1 life remaining)
130283 | Pan      | Gained mutation: Your magical capacity is low. (-10% MP) [a
                  | cacodemon]
130294 | Pan      | Gained mutation: You are somewhat resistant to further
                  | mutation. [a cacodemon]
130920 | Pan      | Noticed Mnoleg
130947 | Pan      | Killed Mnoleg
131163 | Pan      | Got a glowing rune of Zot
131295 | Pan      | Noticed Taotukef the pandemonium lord
131300 | Pan      | Noticed Lom Lobon
131306 | Pan      | Killed Taotukef the pandemonium lord
131329 | Pan      | Killed Lom Lobon
131341 | Pan      | Reached skill level 15 in Spellcasting
132053 | Pan      | Found an exit through the horrors of the Abyss.
133026 | Pan      | Noticed Menup the pandemonium lord
133044 | Pan      | Killed Menup the pandemonium lord
133218 | Pan      | Got a demonic rune of Zot
133779 | Pan      | Identified the +1 leather armour of Luffeux {Will+ Str+3
                  | Dex+2}
133883 | Pan      | Found an exit through the horrors of the Abyss.
133910 | Pan      | Took an exit into the Abyss.
133910 | Abyss:1  | Escaped into the Abyss
133941 | Abyss:1  | Found a corrupted altar of Lugonu.
133966 | Abyss:3  | Found a corrupted altar of Lugonu.
134605 | Abyss:3  | Got an abyssal rune of Zot
134610 | Abyss:3  | Gained mutation: You do not regenerate when monsters are
                  | visible. [a shining eye]
134642 | Depths:2 | Escaped the Abyss
134650 | Depths:2 | Lost mutation: Your mind is acute. (Int +4, Str/Dex -1)
                  | [potion of mutation]
134650 | Depths:2 | Lost mutation: You do not regenerate when monsters are
                  | visible. [potion of mutation]
134650 | Depths:2 | Gained mutation: Your body often deteriorates upon taking
                  | damage. [potion of mutation]
134738 | Hell     | Entered the Vestibule of Hell
134738 | Hell     | Noticed Geryon
134746 | Hell     | Killed Geryon
135358 | Hell     | Found a gateway to the ashen valley of Gehenna.
135479 | Hell     | Found a gateway to the decaying netherworld of Tartarus.
135637 | Hell     | Found a gateway to the freezing wastes of Cocytus.
135891 | Hell     | Found a gateway to the Iron City of Dis.
136030 | Coc:1    | Entered Level 1 of Cocytus
136753 | Coc:2    | Gained a life (2 lives remaining)
138211 | Hell     | Lost mutation: Your body often deteriorates upon taking
                  | damage. [potion of mutation]
138211 | Hell     | Lost mutation: Your body sometimes deteriorates upon taking
                  | damage. [potion of mutation]
138211 | Hell     | Lost mutation: You possess an exceptional clarity of mind.
                  | [potion of mutation]
138425 | Coc:1    | Lost strength.
138607 | Coc:4    | Slain by a titan
138607 | Coc:4    | Lost a life (1 life remaining)
140745 | Coc:7    | Entered Level 7 of Cocytus
140763 | Coc:7    | Noticed an ancient lich
140765 | Coc:7    | Killed an ancient lich
141900 | Coc:7    | Learned a level 9 spell: Chain Lightning
142295 | Coc:7    | Noticed the Serpent of Hell
142423 | Coc:7    | Found the +10 Black Knight's barding {ponderous, rPois rN+}
142979 | Coc:7    | Noticed Antaeus
143217 | Coc:7    | Identified the ring "Ofi Erua" {rPois rC- AC+4 Slay+2}
143358 | Coc:7    | Killed Antaeus
143873 | Coc:7    | Got an icy rune of Zot
143887 | Coc:7    | Got Sif Muna's Joy of Incantation
144080 | Tar:1    | Entered Level 1 of Tartarus
144178 | Tar:1    | Noticed a dread lich
144188 | Tar:1    | Killed a dread lich
144401 | Tar:1    | Noticed a dread lich
144404 | Tar:1    | Noticed an ancient lich
144414 | Tar:1    | Noticed a dread lich
144414 | Tar:1    | Killed a dread lich
144430 | Tar:1    | Noticed an ancient lich
144430 | Tar:1    | Killed an ancient lich
144431 | Tar:1    | Gained a life (2 lives remaining)
144434 | Tar:1    | Noticed a dread lich
144437 | Tar:1    | Noticed an ancient lich
144442 | Tar:1    | Killed a dread lich
144442 | Tar:1    | Killed a dread lich
144444 | Tar:1    | Killed an ancient lich
144447 | Tar:1    | Killed an ancient lich
144452 | Tar:1    | Noticed a dread lich
144455 | Tar:1    | Noticed a dread lich
144471 | Tar:1    | Killed a dread lich
144488 | Tar:1    | Paralysed by a dread lich for 2 turns
144505 | Tar:1    | Killed a dread lich
144663 | Tar:1    | Noticed a dread lich
144671 | Tar:1    | Killed a dread lich
145117 | Tar:2    | Noticed a dread lich
145122 | Tar:2    | Killed a dread lich
145497 | Tar:3    | Reached skill level 10 in Earth Magic
146813 | Tar:5    | Noticed a dread lich
146821 | Tar:5    | Killed a dread lich
147197 | Tar:6    | Noticed an ancient lich
147197 | Tar:6    | Noticed an ancient lich
147197 | Tar:6    | Noticed an ancient lich
147197 | Tar:6    | Noticed a dread lich
147197 | Tar:6    | Noticed a dread lich
147206 | Tar:6    | Killed an ancient lich
147210 | Tar:6    | Killed an ancient lich
147212 | Tar:6    | Killed an ancient lich
147218 | Tar:6    | Killed a dread lich
147224 | Tar:6    | Killed a dread lich
147593 | Tar:7    | Entered Level 7 of Tartarus
148861 | Tar:7    | Reached skill level 15 in Earth Magic
149078 | Tar:7    | Identified the +1 leather armour of the Komodo Dragon
                  | {*Slow rElec rPois rN++}
149129 | Tar:7    | Noticed Ereshkigal
149148 | Tar:7    | Killed Ereshkigal
149313 | Tar:7    | Got a bone rune of Zot
150485 | Geh:1    | Entered Level 1 of Gehenna
150973 | Hell     | Learned a level 8 spell: Lehudib's Crystal Spear
152230 | Geh:4    | Noticed an ancient lich
152239 | Geh:4    | Killed an ancient lich
153137 | Geh:6    | Noticed an ancient lich
153152 | Geh:6    | Killed an ancient lich
153523 | Geh:7    | Entered Level 7 of Gehenna
154509 | Geh:7    | Found the +13 sceptre of Asmodeus
154509 | Geh:7    | Noticed Asmodeus
154519 | Geh:7    | Killed Asmodeus
154544 | Geh:7    | Got an obsidian rune of Zot
155073 | Tomb:1   | Entered Level 1 of the Tomb of the Ancients
155528 | Tomb:1   | Noticed a royal mummy
155531 | Tomb:1   | Killed a royal mummy
155557 | Tomb:1   | Noticed a royal mummy
155562 | Tomb:1   | Killed a royal mummy
156542 | Tomb:2   | Noticed a royal mummy
156553 | Tomb:2   | Noticed a royal mummy
156573 | Tomb:2   | Killed a royal mummy
156575 | Tomb:2   | Killed a royal mummy
156598 | Tomb:2   | Noticed a royal mummy
156605 | Tomb:2   | Killed a royal mummy
156667 | Tomb:2   | Noticed a royal mummy
156673 | Tomb:2   | Killed a royal mummy
156716 | Tomb:2   | Noticed Khufu
156723 | Tomb:2   | Killed Khufu
157363 | Tomb:2   | Noticed a royal mummy
157370 | Tomb:2   | Killed a royal mummy
157385 | Tomb:2   | Noticed a royal mummy
157390 | Tomb:2   | Killed a royal mummy
157980 | Tomb:1   | Noticed a royal mummy
157980 | Tomb:1   | Noticed a royal mummy
157980 | Tomb:1   | Noticed a royal mummy
157985 | Tomb:1   | Killed a royal mummy
157986 | Tomb:1   | Killed a royal mummy
157998 | Tomb:1   | Killed a royal mummy
158247 | Tomb:1   | Noticed a royal mummy
158255 | Tomb:1   | Killed a royal mummy
158392 | Tomb:1   | Noticed a royal mummy
158397 | Tomb:1   | Killed a royal mummy
158413 | Tomb:1   | Noticed a royal mummy
158419 | Tomb:1   | Killed a royal mummy
158423 | Tomb:1   | Noticed a royal mummy
158429 | Tomb:1   | Noticed a royal mummy
158431 | Tomb:1   | Killed a royal mummy
158439 | Tomb:1   | Noticed a royal mummy
158440 | Tomb:1   | Killed a royal mummy
158443 | Tomb:1   | Killed a royal mummy
158448 | Tomb:1   | Noticed a royal mummy
158455 | Tomb:1   | Paralysed by a Zot trap for 4 turns
158456 | Tomb:1   | HP: 1/150 [emperor scorpion[a royal mummy] (8)]
158456 | Tomb:1   | Slain by an emperor scorpion
158456 | Tomb:1   | Lost a life (1 life remaining)
158741 | Tomb:1   | Killed a royal mummy
159078 | Tomb:1   | Noticed a royal mummy
159088 | Tomb:1   | Noticed a royal mummy
159773 | Tomb:1   | Noticed a royal mummy
159785 | Tomb:1   | Killed a royal mummy
159840 | Tomb:1   | Killed a royal mummy
160205 | Tomb:1   | Killed a royal mummy
160384 | Tomb:3   | Entered Level 3 of the Tomb of the Ancients
160396 | Tomb:3   | Noticed a royal mummy
160396 | Tomb:3   | Noticed a royal mummy
160398 | Tomb:3   | Noticed a royal mummy
160401 | Tomb:3   | Killed a royal mummy
160402 | Tomb:3   | Noticed a royal mummy
160403 | Tomb:3   | Killed a royal mummy
160405 | Tomb:3   | Gained a life (2 lives remaining)
160429 | Tomb:3   | Killed a royal mummy
160459 | Tomb:3   | Noticed a royal mummy
160554 | Tomb:3   | Noticed a royal mummy
160554 | Tomb:3   | Noticed a royal mummy
160559 | Tomb:3   | Noticed a royal mummy
160567 | Tomb:3   | Reached skill level 27 in Summonings
161015 | Tomb:3   | Killed a royal mummy
161020 | Tomb:3   | Killed a royal mummy
161020 | Tomb:3   | Noticed a royal mummy
161025 | Tomb:3   | Killed a royal mummy
161073 | Tomb:3   | Mangled by an eldritch tentacle
161073 | Tomb:3   | Lost a life (1 life remaining)
161299 | Tomb:3   | Killed a royal mummy
161302 | Tomb:3   | Killed a royal mummy
161305 | Tomb:3   | Killed a royal mummy
161771 | Tomb:3   | Got Sif Muna's Spellbook of Freezing Transposition
161772 | Tomb:3   | Identified the ring "Tizxyufe" {MP+9 Int+4}
161778 | Tomb:3   | Identified the amulet of the Grey Skies {Acrobat rPois
                  | Will+ rCorr}
162025 | Tomb:3   | Got a golden rune of Zot
162711 | Dis:1    | Entered Level 1 of the Iron City of Dis
162855 | Zig:1    | Entered Level 1 of a ziggurat
162926 | Zig:2    | Entered Level 2 of a ziggurat
163030 | Zig:3    | Entered Level 3 of a ziggurat
163120 | Zig:4    | Entered Level 4 of a ziggurat
163123 | Zig:4    | Reached skill level 15 in Evocations
163220 | Zig:4    | Identified the +11 shortbow of Gravity {freeze, rPois rCorr
                  | Int-5 Dex+2}
163253 | Zig:5    | Entered Level 5 of a ziggurat
163376 | Zig:6    | Entered Level 6 of a ziggurat
163498 | Zig:6    | Identified the ring "Nunong" {rC+ Int+5 Stlth+}
163530 | Zig:7    | Entered Level 7 of a ziggurat
163535 | Zig:7    | Noticed Wuziru's ghost (legendary GrEE)
163546 | Zig:7    | Noticed Wuziru's ghost (legendary GrEE)
163559 | Zig:7    | Killed Wuziru's ghost
163567 | Zig:7    | Killed Wuziru's ghost
163941 | Zig:7    | Noticed Wuziru's ghost (legendary GrEE)
164063 | Zig:8    | Entered Level 8 of a ziggurat
164239 | Zig:9    | Entered Level 9 of a ziggurat
164246 | Zig:9    | Noticed a royal mummy
164248 | Zig:9    | Noticed a royal mummy
164249 | Zig:9    | Killed a royal mummy
164257 | Zig:9    | Killed a royal mummy
164562 | Zig:9    | Acquired 1202 gold pieces
164574 | Zig:9    | Identified the +0 helmet "Bitiomeu" {Str+3 Dex+4}
164583 | Zig:9    | Identified the +1 pair of gloves of Gyopt {Str+5}
164591 | Zig:9    | Acquired 525 gold pieces
164593 | Zig:9    | Acquired 652 gold pieces
164635 | Hell     | Bought a book of Annihilations for 960 gold pieces
164960 | Hell     | Learned a level 9 spell: Shatter
166588 | Dis:5    | Learned a level 5 spell: Lee's Rapid Deconstruction
167434 | Dis:7    | Entered Level 7 of the Iron City of Dis
168667 | Dis:7    | HP: 5/195 [acid (11)]
168668 | Dis:7    | Killed by arc of chain lightning
168668 | Dis:7    | Lost a life (0 lives remaining)
169537 | Dis:7    | Noticed Dispater
169546 | Dis:7    | Killed Dispater
169552 | Dis:7    | Got an iron rune of Zot
170035 | Zot:5    | Got the Orb of Zot
170669 | D:$      | Escaped with the Orb!

Illustrated notes

Levels and vault maps discovered:
D:1:      psy_arrival_dodecagon, layout_basic,
          ebering_ecumenical_altar_abandoned
D:2:      layout_basic, serial_glass, glass_columns_a, glass_columns_b,
          glass_columns_b, glass_columns_b, glass_columns_a, glass_columns_a,
          glass_columns_a, glass_columns_b, glass_columns_a, glass_columns_b,
          glass_columns_a, glass_columns_a, glass_columns_c, glass_columns_a
D:3:      layout_basic, nicolae_yredelemnul_ghost_church,
          nzn_hepliaklqana_mist_gate, serial_shops, shop
D:4:      layout_rooms, minivault_5, minmay_misc_feat_cross, minmay_ruptured
D:5:      layout_rooms, kennysheep_little_box, minmay_temple_entry_from_below_a,
          uniq_menkaure
D:6:      layout_loops_ring, mainiacjoe_overflow_small_starburst,
          serial_co_window_serial, co_window_corner_a, co_window_corner_a,
          co_window_corner_a, co_window_paths_b, co_window_paths_b,
          co_window_corner_ca, co_window_broadway_c, co_window_corner_ca,
          co_window_paths_c, glass_columns_a, glass_columns_a, glass_columns_b,
          glass_columns_b, glass_columns_c, nicolae_ossuary_entry_monument
D:7:      layout_cave_pods, serial_demonic, serial_demonic_b, serial_demonic_d,
          serial_demonic_b, serial_demonic_b, serial_demonic_c,
          serial_demonic_b, uniq_crazy_yiuf_cottage
D:8:      layout_loops_ring, hangedman_feature_mirror, nicolae_titane,
          uniq_prince_ribbit1, uniq_erica
D:9:      layout_basic, erik_lair_dragon, dreamdust_wishing_well, jiyva_altar_1
D:10:     layout_roguey, grunt_ashenzari_visionary
          [grunt_ashenzari_visionary_shoals, grunt_ashenzari_visionary_spider],
          mainiacjoe_overflow_alcove_3, uniq_harold
D:11:     layout_long_grid
D:12:     layout_basic, erik_orc_2, serial_shops, shop,
          nicolae_ru_the_path_less_chosen
D:13:     layout_roguey, skrybe_vaults_entry_preservation, serial_shops,
          bzr_in_the_mist, nicolae_vehumet_altar_sigil
D:14:     layout_basic, nicolae_wu_jian_wuxing_cycle, serial_aquarium,
          aquarium_bridge_straight [aquarium_subvault_bridge,
          aquarium_subvault_balcony, aquarium_subvault_bridge,
          aquarium_subvault_balcony], aquarium_bridge_square
          [aquarium_subvault_bridge, aquarium_subvault_wall,
          aquarium_subvault_wall, aquarium_subvault_bridge], aquarium_window_1,
          aquarium_window_1, aquarium_view_2a, aquarium_balcony_3b,
          aquarium_pool_four, minmay_fire_ice_demons
D:15:     grunt_enter_depths_giant_problem, layout_long_grid,
          nicolae_dithmenos_the_darkroom, uniq_roxanne
Temple:   nicolae_temple_god_jail
Lair:1:   layout_hall_layers
Lair:2:   layout_regular_city, shoals_dummy_entry,
          nicolae_spider_entry_orb_guardian, grunt_megastairs_2, uniq_amaemon
Lair:3:   layout_chaotic_city, hangedman_lair_unloving_vines, minmay_hedge_maze
Lair:4:   layout_roguey, gauntlet_entry_generic
Lair:5:   evilmike_catoblepas_cave, layout_regular_city,
          minmay_slime_entry_oklob_enclosed, portal_ice_cave_demonic_guard,
          minivault_24
Shoals:1: layout_shoals, uniq_frances
Shoals:2: layout_shoals, hangedman_shoals_cup_caves, uniq_mlioglotl,
          uniq_polyphemus
Shoals:3: layout_shoals, nicolae_shoals_lost_giant_baths,
          nicolae_shoals_gull_way
Shoals:4: shoals_end_hangedman, layout_shoals, serial_shops,
          nicolae_shop_statue_plus, uniq_bai_suzhen
Spider:1: layout_chambers, spiders_nest_hornet_nest, uniq_donald, uniq_louise
Spider:2: nicolae_spider_obnoxious_hallway
Spider:3: layout_spider_delve
Spider:4: spider_rune_water
Slime:1:  layout_caves
Slime:2:  layout_caves
Slime:3:  layout_caves
Slime:4:  layout_caves
Slime:5:  slime_pit_nicolae_royal_road_to_ruin
Orc:1:    layout_diamond_mine, serial_shops, shop, uniq_nergalle, uniq_jorgrun
Orc:2:    st_orc_pillars, layout_caves
Elf:1:    eino_elf_arrival_the_gate, layout_loops_corners, minmay_elf_sorcery,
          nicolae_elf_elemental_lessons, lemuel_upstairs_altar, uniq_zenata
Elf:2:    nicolae_elf_blades_crystal_corner, layout_geoelf_octagon
Elf:3:    minmay_elf_hall_curves, layout_gridlike
Vaults:1: nicolae_vaults_big_ls, ontoclasm_vaults_tryst,
          nicolae_vaults_storage_closets_3, nicolae_vaults_heart-shaped_vault,
          nicolae_vaults_closet_pinwheel_1, ontoclasm_vaults_ring_small,
          nicolae_vaults_network_quinsquares
          [nicolae_vaults_network_quincunx_subvault,
          nicolae_vaults_network_quincunx_subvault,
          nicolae_vaults_network_quincunx_subvault,
          nicolae_vaults_network_quincunx_subvault], vaults_room_stairs_pillars,
          ontoclasm_vaults_chip, nicolae_vaults_corridor_and_loot_room,
          layout_vaults_big_room, serial_shops, nicolae_square_shop
Vaults:2: v_rooms_4, nicolae_vaults_network_s, vaults_room_door_ring,
          hangedman_vaults_maws, hangedman_vaults_hat, v_misc_18, v_misc_11,
          minmay_crypt_entry_simple_statues, nicolae_vaults_angled_halls,
          nicolae_vaults_little_squares_6, nicolae_vaults_apartment_2,
          v_misc_13, vaults_dpeg_emergency_exit,
          nicolae_vaults_storage_room_glass, layout_vaults_omnicross
Vaults:3: nicolae_vaults_windows_and_doors_thing,
          nicolae_vaults_network_quincunx
          [nicolae_vaults_network_quincunx_subvault,
          nicolae_vaults_network_quincunx_subvault,
          nicolae_vaults_network_quincunx_subvault,
          nicolae_vaults_network_quincunx_subvault,
          nicolae_vaults_network_quincunx_subvault], vaults_room_corners,
          nicolae_vaults_taking_the_gang_shopping, hangedman_vaults_capsules,
          nicolae_vaults_trapezoid_lopsided_1,
          nicolae_vaults_security_offices_3, nicolae_vaults_tetromino_L_2,
          minmay_orc_keep, nicolae_vaults_shelves_hall, layout_vaults_omnigrid
Vaults:4: gammafunk_ghost_cemetery, nicolae_vaults_little_ls,
          nicolae_vaults_little_guard_posts, v_misc_2,
          nicolae_vaults_closet_pinwheel_1, nicolae_vaults_circle_grid_a,
          v_misc_1, dpeg_vaults_monster_row, ontoclasm_vaults_eye,
          nicolae_vaults_six-pack, vaults_mumra_lcd, nicolae_vaults_house_1,
          layout_vaults_omnibox, serial_shops, nicolae_lakefront_shop,
          uniq_saint_roka, uniq_boris
Vaults:5
Crypt:1:  tekkud_devil_daggers, layout_regular_city,
          grunt_crypt_arrival_guarded_gate
Crypt:2:  layout_basic
Crypt:3:  quadcrypt_mu, uniq_jory
Tomb:1
Tomb:2:   uniq_khufu
Tomb:3
Depths:1: layout_cross, chequers_serial_rivers_room_b, hell_entry,
          nicolae_transporter_circle
Depths:2: nzn_winding_woodlands_small [nzn_winding_woodlands_5x15_concentric,
          nzn_winding_woodlands_center_pierced_h,
          nzn_winding_woodlands_5x15_garden], layout_long_grid,
          enter_ziggurat_a, lightli_too_deep, grunt_pan_entry_zigzag,
          nicolae_qazlal_scattered_showers, minmay_staircase_bubble
Depths:3: hangedman_spin_cycle, abyss_entry, hell_entry
Depths:4: evilmike_zot_entry_argh, layout_gridville, nicolae_tricolors,
          abyss_entry, hell_entry, minmay_misc_feat_enclosed, st_stairs_7,
          grunt_megastairs_5, uniq_enchantress, uniq_mennas, uniq_parghit
Hell
Dis:1:    layout_jigsaw, nicolae_dis_grated_feature
Dis:2:    layout_gridville
Dis:3:    layout_subdivisions
Dis:4:    layout_subdivisions
Dis:5:    layout_regular_city, nicolae_dis_big_boring_drill
Dis:6:    layout_gridville
Dis:7:    iron_city_of_dis [dis_grunt, dis_wall_7], layout_gridville
Geh:1:    layout_gehenna_pools_box
Geh:2:    nicolae_geh_i_lava_good_maze [nicolae_geh_lavamaze_diaghalf_recurse,
          nicolae_geh_lavamaze_diaghalf_village]
Geh:3:    layout_gehenna_pools_box
Geh:4:    layout_gehenna_pools_triple
Geh:5:    layout_gehenna_pools_triple, nicolae_geh_lavax
Geh:6:    layout_gehenna_pools_triple
Geh:7:    geh_hangedman
Coc:1:    layout_ice_bergs
Coc:2:    layout_cocytus_delve
Coc:3:    nicolae_coc_bergin, layout_cocytus_water_paths
Coc:4:    layout_cocytus_water_paths
Coc:5:    layout_cocytus_water_paths
Coc:6:    nicolae_coc_on_the_berg
Coc:7:    coc_mu
Tar:1:    layout_catacombs, nicolae_hells_leichenhalle
Tar:2:    layout_cathedral_of_symmetry, nicolae_tar_cuneiform_sun
Tar:3:    layout_catacombs
Tar:4:    layout_honeycomb, nicolae_tar_cuneiform_sun,
          nicolae_tar_cuneiform_two, nicolae_tar_windowcombs
Tar:5:    layout_catacombs
Tar:6:    layout_grid_maze, nicolae_tar_liches_on_tour
Tar:7:    tar_mu [tar_mu_maze]
Zot:1:    layout_gridlike, regret_index_zotdec_twisting_globes
Zot:2:    layout_misc_corridors, nicolae_transporter_intersection, uniq_grunn
Zot:3:    regret_index_all_hallows'_manor, layout_gridville,
          gammafunk_ghost_abyssal_escape, zot_minivault_1
Zot:4:    layout_gridlike, bh_zot_ikea_curve
Zot:5:    layout_twisted_circle

Skill      XL: |  1  2  3  4  5  6  7  8  9 10 11 12 13 14 15 16 17 18 19 20 21 22 23 24 25 26 27 |
---------------+----------------------------------------------------------------------------------+-----
Stealth        | 3 |  3.0
Fighting       | 1 2 3 4 8 17 | 17.2
Spellcasting   | 3 4 5 6 7 8 10 13 14 16 | 16.3
Dodging        | 5 7 8 11 14 15 27 | 27.0
Conjurations   | 6 9 11 13 14 15 17 21 | 21.0
Translocations | 2 8 15 | 15.0
Summonings     | 4 9 10 13 14 16 18 19 20 22 23 24 27 | 27.0
Shapeshifting  | 4 7 9 10 13 14 15 17 18 19 25 | 25.3
Evocations     | 6 7 9 12 25 | 25.5
Unarmed Combat | 9 10 12 15 | 15.0
Hexes          | 12 15 | 15.0
Alchemy        | 4 5 12 | 12.0
Earth Magic    | 3 8 22 | 22.0
Fire Magic     | 5 18 | 18.0
Air Magic      | 26 | 26.7

Action                     |  1- 3 |  4- 6 |  7- 9 | 10-12 | 13-15 | 16-18 | 19-21 | 22-24 | 25-27 || total
---------------------------+-------+-------+-------+-------+-------+-------+-------+-------+-------++-------
  Melee: Unarmed           |     2 |       |     2 |    42 |     3 |   189 |   251 |   633 |  2469 ||  3591
         Bite              |       |       |       |     7 |       |    37 |    42 |   111 |    62 ||   259
         Punch             |       |       |       |     2 |       |     4 |    25 |    67 |   364 ||   462
         Tailslap          |       |       |       |       |       |       |       |     3 |       ||     3
   Cast: Magic Dart        |    71 |   103 |   195 |    85 |    37 |   111 |     5 |       |     1 ||   608
         Searing Ray       |     1 |    16 |    85 |    64 |     9 |    30 |     2 |       |       ||   207
         Fulminant Prism   |       |       |     3 |   102 |    24 |    75 |     6 |     4 |       ||   214
         Iskenderun's Myst |       |       |       |    36 |    24 |   148 |    38 |    74 |    29 ||   349
         Orb of Destructio |       |       |       |    18 |    44 |   178 |    86 |    71 |       ||   397
         Spellforged Servi |       |       |       |       |    34 |    70 |    12 |    51 |   471 ||   638
         Summon Hydra      |       |       |       |       |       |    25 |       |       |       ||    25
         Passage of Golubr |       |       |       |       |       |     4 |     8 |    24 |    41 ||    77
         Malign Gateway    |       |       |       |       |       |    24 |    70 |   108 |   309 ||   511
         Yara's Violent Un |       |       |       |       |       |       |       |    26 |    86 ||   112
         Bombard           |       |       |       |       |       |       |       |    11 |   720 ||   731
         Dragon's Call     |       |       |       |       |       |       |       |     1 |    31 ||    32
         Ignition          |       |       |       |       |       |       |       |       |   376 ||   376
         Lehudib's Crystal |       |       |       |       |       |       |       |       |   112 ||   112
         Shatter           |       |       |       |       |       |       |       |       |    90 ||    90
         Chain Lightning   |       |       |       |       |       |       |       |       |    38 ||    38
         Lee's Rapid Decon |       |       |       |       |       |       |       |       |    11 ||    11
 Invoke: Potion Petition   |       |       |       |       |       |    12 |     6 |    12 |   121 ||   151
         Call Merchant     |       |       |       |       |       |       |     1 |     1 |     3 ||     5
         Bribe Branch      |       |       |       |       |       |       |       |     1 |       ||     1
Ability: Breathe Fire      |       |       |       |       |       |       |       |     1 |       ||     1
         Blinkbolt         |       |       |       |       |       |       |       |       |    12 ||    12
         Evoke Blink       |       |       |       |       |       |       |       |       |     1 ||     1
  Evoke: Wand              |       |       |       |     7 |       |     1 |       |     4 |     4 ||    16
         Lightning rod     |       |       |       |       |     4 |     7 |     3 |       |     9 ||    23
         Condenser vane    |       |       |       |       |       |     1 |     2 |       |     5 ||     8
         Phantom mirror    |       |       |       |       |       |     1 |     1 |     1 |     2 ||     5
         Box of beasts     |       |       |       |       |       |       |       |     1 |     8 ||     9
         Horn of Geryon    |       |       |       |       |       |       |       |       |     5 ||     5
         Figurine of a zig |       |       |       |       |       |       |       |       |     1 ||     1
    Use: Potion            |       |     5 |     2 |     3 |     6 |     8 |     4 |    14 |    84 ||   126
         Scroll            |       |       |    10 |    11 |     7 |    15 |     5 |    20 |    96 ||   164
   Stab: Sleeping          |       |       |     1 |       |       |       |     3 |     7 |     3 ||    14
         Paralysed         |       |       |       |     5 |       |    15 |       |       |       ||    20
         Distracted        |       |       |       |       |       |     2 |     2 |    12 |    68 ||    84
         Confused          |       |       |       |       |       |       |     1 |       |     4 ||     5
         Invisible         |       |       |       |       |       |       |       |     2 |     7 ||     9
 Armour: Skin              |     4 |     7 |    60 |    75 |    42 |   854 |   414 |   889 |  1496 ||  3841
  Dodge: Dodged            |     7 |    20 |   175 |   207 |    62 |   901 |   776 |  1324 |  5577 ||  9049
   Form: Storm             |       |       |       |       |     1 |     2 |       |       |     2 ||     5
                           |       |       |       |       |     1 |     2 |       |       |       ||     3
         Statue            |       |       |       |       |       |     3 |       |     1 |     2 ||     6
         Dragon            |       |       |       |       |       |       |       |     1 |       ||     1
